 Dungeon Crawl Stone Soup version 0.31-a0-728-g01b46875f1 (webtiles) character file.

Game seed: 7008575307680345513

2640177 demibob the Conqueror (level 27, 273/273 HPs)
             Began as a Hill Orc Chaos Knight on Sept 9, 2023.
             Was the Champion of Jiyva.
             Escaped with the Orb
             ... and 4 runes on Sept 11, 2023!
             The game lasted 02:42:19 (57080 turns).

demibob the Conqueror (Hill Orc Chaos Knight)      Turns: 57080, Time: 02:42:20

Health: 273/273    AC: 41    Str: 23    XL:     27
Magic:  23/23      EV: 32    Int: 12    God:    Jiyva [******]
Gold:   4780       SH:  6    Dex: 30    Spells: 26/26 levels left

rFire   + + .        M - +11 executioner's axe of Balance {flame, Drain Dex+5 SInv}
rCold   + . .        (shield currently unavailable)
rNeg    + . .        K - +8 fire dragon scales
rPois   +            C - +2 hood of the Assassin {Detect Stab+ Stlth++}
rElec   +            s - scarf {repulsion}
rCorr   +            Z - +0 pair of gloves of Tenacity {rElec Regen+}
SInv    +            H - +3 pair of mountain boots {steadfast, rC+}
Will    ++...        b - amulet "Jusit" {RegenMP +Inv rN+ SInv Stlth-}
Stlth   ++           c - ring "Veavan" {Fly rPois rC+ Dex+5 Stlth-}
HPRegen 3.85/turn    X - ring "Gewagiar" {AC+4 Dex+4}
MPRegen 1.08/turn

%: repel missiles
@: mighty, flying, hasted, studying Conjurations, very quick
A: beak, large bone plates 2, mutation resistance 1, sense surroundings 3,
regeneration 1, shaggy fur 2, wild magic 3, translucent skin 1, jelly absorbing
missiles
0: Orb of Zot
}: 4/15 runes: decaying, slimy, silver, gossamer
a: Renounce Religion, Evoke Invisibility, Oozemancy, Slimify


You escaped.
You worshipped Jiyva.
Jiyva was exalted by your worship.
You visited 11 branches of the dungeon, and saw 55 of its levels.
You visited the Abyss 1 time.
You also visited: Wizlab.

You collected 7268 gold pieces.
You spent 2488 gold pieces at shops.


Innate Abilities, Weirdness & Mutations

You have a beak for a mouth.
You are mostly covered in large bone plates. (SH +6)
You are somewhat resistant to further mutation.
You passively map a large area around you.
Your natural rate of healing is unusually fast.
You are covered in thick fur. (AC +2)
Your spells are much harder to cast, but much more powerful.
Your translucent skin slightly reduces your foes' accuracy. (Stealth+)
You have a small jelly attached to you that may absorb projectiles.


   Skills:
 O Level 27 Fighting
 O Level 27 Axes
 O Level 27 Armour
 + Level 22.3 Dodging
 - Level 13.8 Stealth
 - Level 9.2 Evocations


You had 26 spell levels left.
You didn't know any spells.
Your spell library contained the following spells:

 Spells                   Type           Power      Damage    Failure   Level
 Magic Dart               Conj           0%         1d3       73%         1
 Necrotise                Necr           0%         1d4       73%         1
 Shock                    Conj/Air       0%         1d3       73%         1
 Sting                    Tmut/Pois      0%         1d3       73%         1
 Blink                    Tloc           0%         N/A       85%         2
 Call Imp                 Summ           0%         N/A       85%         2
 Cigotuvi's Dreadful Rot  Necr/Pois/Air  0%         N/A       85%         2
 Ensorcelled Hibernation  Hex/Ice        0%         N/A       85%         2
 Lesser Beckoning         Tloc           0%         N/A       85%         2
 Momentum Strike          Conj/Tloc      0%         3d8       85%         2
 Passwall                 Tmut/Erth      0%         N/A       85%         2
 Poisonous Vapours        Pois/Air       0%         N/A       85%         2
 Scorch                   Fire           0%         2d5       85%         2
 Static Discharge         Conj/Air       0%         2-2/arc   85%         2
 Sublimation of Blood     Necr           0%         N/A       85%         2
 Wereblood                Tmut           0%         N/A       85%         2
 Dazzling Flash           Conj/Hex       0%         N/A       96%         3
 Gell's Gravitas          Tloc           0%         N/A       96%         3
 Ignite Poison            Fire/Tmut/Pois 0%         N/A       96%         3
 Mephitic Cloud           Conj/Pois/Air  0%         N/A       96%         3
 Ozocubu's Armour         Ice            0%         N/A       96%         3
 Stone Arrow              Conj/Erth      0%         3d7       96%         3
 Swiftness                Air            0%         N/A       96%         3
 Teleport Other           Tloc           0%         N/A       96%         3
 Vampiric Draining        Necr           0%         2d6       96%         3
 Airstrike                Air            0%         2d(0-16)  100%        4
 Animate Armour           Summ/Erth      0%         N/A       100%        4
 Animate Dead             Necr           0%         N/A       100%        4
 Dispel Undead            Necr           0%         3d6       100%        4
 Flame Wave               Conj/Fire      0%         2d4       100%        4
 Olgreb's Toxic Radiance  Pois           0%         N/A       100%        4
 Petrify                  Tmut/Erth      0%         N/A       100%        4
 Sticky Flame             Conj/Fire      0%         2d3       100%        4
 Summon Lightning Spire   Summ/Air       0%         N/A       100%        4
 Vhi's Electric Charge    Tloc/Air       0%         N/A       100%        4
 Agony                    Necr           0%         N/A       100%        5
 Alistair's Intoxication  Tmut/Pois      0%         N/A       100%        5
 Arcjolt                  Conj/Air       0%         1d10      100%        5
 Borgnjor's Vile Clutch   Necr/Erth      0%         N/A       100%        5
 Freezing Cloud           Conj/Ice/Air   0%         6-21      100%        5
 Irradiate                Conj/Tmut      0%         3d11      100%        5
 Iskenderun's Battlesphe  Conj           0%         2d6       100%        5
 Metabolic Englaciation   Hex/Ice        0%         N/A       100%        5
 Silence                  Hex/Air        0%         N/A       100%        5
 Conjure Ball Lightning   Conj/Air       0%         3x3d6     100%        6
 Death Channel            Necr           0%         N/A       100%        6
 Eringya's Noxious Bog    Tmut/Pois      0%         4d6       100%        6
 Leda's Unmaking          Conj/Erth      0%         9d1       100%        6
 Simulacrum               Ice/Necr       0%         N/A       100%        6
 Summon Cactus Giant      Summ           0%         N/A       100%        6
 Haunt                    Necr/Summ      0%         N/A       100%        7
 Malign Gateway           Summ/Tloc      0%         N/A       100%        7
 Ozocubu's Refrigeration  Ice            0%         4d7       100%        7
 Spellforged Servitor     Conj/Summ      0%         N/A       100%        7
 Borgnjor's Revivificati  Necr           0%         N/A       100%        8
 Discord                  Hex            0%         N/A       100%        8
 Ignition                 Fire           0%         3d3       100%        8
 Maxwell's Capacitive Co  Air            0%         ∞         100%        8
 Summon Horrible Things   Summ           0%         N/A       100%        8
 Chain Lightning          Conj/Air       0%         N/A       100%        9
 Death's Door             Necr           0%         N/A       100%        9
 Fire Storm               Conj/Fire      0%         5d1       100%        9
 Shatter                  Erth           0%         3d5*      100%        9

Inventory:

Hand Weapons
 a - a +2 vampiric executioner's axe
 L - the +16 obsidian axe {drain, demonic, Mesm Drain Fly SInv}
   (You found it on level 3 of the Crypt)

   Mesm:      Its wielder is mesmerised by any visible foes, and it cannot be
   unequipped while any foes are visible.
   SInv:      It lets you see invisible.
   Fly:       It grants you flight.
   Drain:     It drains your maximum health when unequipped.
 M - the +11 executioner's axe of Balance (weapon) {flame, Drain Dex+5 SInv}
   (You acquired it on level 3 of the Crypt)

   Dex+5:     It affects your dexterity (+5).
   SInv:      It lets you see invisible.
   Drain:     It drains your maximum health when unequipped.
Missiles
 k - 3 throwing nets {=f}
Armour
 f - the scarf of Bellicose Music {+Inv, rElec}
   (You found it on level 4 of the Spider Nest)

   rElec:     It insulates you from electricity.
 m - a +0 helmet of see invisible
 s - a scarf of repulsion (worn)
 C - the +2 hood of the Assassin (worn) {Detect Stab+ Stlth++}
   (You found it on level 3 of the Elven Halls)

   Detect:    It allows the wearer to sense nearby creatures.
   Stab+:     It allows the wearer to make particularly effective stabbing
   attacks against helpless or unaware enemies with any weapon.
   Stlth++:   It makes you much more stealthy.
 H - the +3 pair of mountain boots (worn) {steadfast, rC+}
   (You acquired it on level 2 of the Orcish Mines)

   Steadfast: It prevents involuntary movement, except for blinking,
   teleportation, or banishment.
   rC+:       It protects you from cold.
 K - +8 fire dragon scales (worn)
 Z - the +0 pair of gloves of Tenacity (worn) {rElec Regen+}
   (You found it on level 5 of the Vaults)

   rElec:     It insulates you from electricity.
   Regen+:    It increases your rate of health regeneration.
Jewellery
 b - the amulet "Jusit" (around neck) {RegenMP +Inv rN+ SInv Stlth-}
   (You took it off a deep elf knight on level 3 of the Elven Halls)

   [amulet of magic regeneration]

   RegenMP:   It increases your rate of magic regeneration.
   rN+:       It protects you from negative energy.
   SInv:      It lets you see invisible.
   +Inv:      It lets you turn invisible.
   Stlth-:    It makes you less stealthy.
 c - the ring "Veavan" (left hand) {Fly rPois rC+ Dex+5 Stlth-}
   (You found it on level 3 of the Vaults)

   [ring of flight]

   Dex+5:     It affects your dexterity (+5).
   rC+:       It protects you from cold.
   rPois:     It protects you from poison Fly: It grants you flight.
   Stlth-:    It makes you less stealthy.
 o - the brooch of Shielding {Spirit SH+8}
   (You found it on level 5 of the Vaults)

   [amulet of guardian spirit]

   Spirit:    It causes incoming damage to be divided between your reserves of
   health and magic.
   SH+8:      It affects your SH (+8).
 v - an amulet of reflection
 E - a +5 ring of evasion
 N - the dreamshard necklace {Acrobat *Dream}
   (You found it on level 5 of the Pits of Slime)

   [amulet of the acrobat]

   *Dream:    It absorbs a single lethal wound into itself, holding its wearer
   just short of death and releasing dream-creatures to guard them.
   Acrobat:   It increases your evasion while moving and waiting.
 W - a ring of willpower
 X - the ring "Gewagiar" (right hand) {AC+4 Dex+4}
   (You took it off a deep elf annihilator on level 3 of the Elven Halls)

   [ring of protection]

   AC+4:      It affects your AC (+4).
   Dex+4:     It affects your dexterity (+4).
Wands
 p - a wand of digging (24)
 r - a wand of flame (55)
 u - a wand of charming (61)
 y - a wand of light (23)
 A - a wand of mindburst (13)
 O - a wand of polymorph (14)
 P - a wand of iceblast (38)
Scrolls
 z - 6 scrolls of immolation
 D - a scroll of butterflies
 F - a scroll of enchant armour
 I - 33 scrolls of identify {@r1}
 J - 3 scrolls of poison
 Q - 5 scrolls of fear
 S - 7 scrolls of vulnerability
 Y - a scroll of fog
Potions
 e - 3 potions of resistance
 g - 8 potions of heal wounds {@q2}
 l - a potion of might
 q - 2 potions of enlightenment
 t - 3 potions of attraction
 B - 3 potions of ambrosia
 G - 2 potions of mutation
 R - 3 potions of invisibility
 U - a potion of brilliance
 V - 6 potions of curing {@q1}
Miscellaneous
 h - a phantom mirror
 i - a phial of floods
 j - a tin of tremorstones (2/2)
 w - a sack of spiders
 x - a lightning rod (4/4)

Dungeon Overview and Level Annotations

Branches:
Dungeon (15/15)            Temple (0/1) D:7            Lair (5/5) D:10
  Swamp (4/4) Lair:3       Spider (4/4) Lair:2        Slime (5/5) Lair:5
    Orc (2/2) D:9             Elf (3/3) Orc:2        Vaults (5/5) D:14
  Crypt (3/3) Vaults:3       Tomb (0/3) Crypt:3      Depths (4/4) D:15
    Zot (5/5) Depths:4     WizLab (visited)

Altars:
Cheibriados
Dithmenos
Elyvilon
Fedhas
Gozag
Hepliaklqana
Kikubaaqudgha
Makhleb
Okawaru
Qazlal
Sif Muna
Uskayaw
Vehumet
Wu Jian
Xom
Jiyva

Shops:
D:9 :   D:10 =   Orc:2 [*[(=(?!   Vaults:2 !   Vaults:3 *   Depths:1 (
Depths:3 [!*((   Depths:4 ==:

Portals:
Hell: Depths:1 Depths:2 Depths:3 Depths:4
Abyss: Depths:1 Depths:3
Pandemonium: Depths:2
Ziggurat: Depths:1
Ice
Cave: Swamp:4

Annotations:
D:12 gurdl9716's ghost, journeyman TrGl
Lair:1 exclusion: 2 oklob plants
Lair:3 1 runed translucent door, Vade Gum's ghost, journeyman DsGl
Spider:4 Mara
Slime:5 Royal Jelly
Elf:2 5 runed translucent doors, Donald
Zot:2 4 transporters

#.# #.#..........# ##.#
#.##########.# #..#
############### #.#
#.#######.............######.#
#.###..........⌠....(.....####
###...⌠.................⌠...##
##........⌠.........⌠........##
##.............................#
.#...⌠..........@..........⌠...##
##..........^..................#.
###........⌠.........⌠........##.
..##...⌠.................⌠...##..
#..###..........⌠..........###...
#....##'##.............##'####...
#†.###.).###############..#.###..
#..# #....................##...#.
#..# #..###..####.###########.##.


There were no monsters in sight!


Message History

You feel yourself speed up. The sun demon hits you!
You are engulfed in flames.
You resist. The sun demon misses you.
A sun demon comes into view.
You feel very mighty all of a sudden. The sun demon closely misses you.
The sun demon completely misses you. The balrug completely misses you.
You hit the sun demon but do no damage. You peck the sun demon.
You kill the sun demon!
You slice the sun demon!! You slash the balrug! You slice the sun demon!!
You kill the sun demon!
You cut the balrug into ribbons!!! The balrug hits you but does no damage.
You miss the balrug. You peck the balrug.
The balrug is heavily wounded.
The balrug gestures at you. The bolt of fire misses you.
You slice the balrug!! You peck the balrug.
The balrug is almost dead.
You slice the sun demon!! You cut the balrug into ribbons!!!
You kill the balrug!
You closely miss the sun demon. The sun demon barely misses you.
You slice the sun demon!! You peck the sun demon!
You kill the sun demon!
No target in view!
You see here a +0 demon whip of electrocution.
Unknown command.
There is an open door here.
There is a staircase leading out of the dungeon here.
You have escaped!

Skill      XL: |  1  2  3  4  5  6  7  8  9 10 11 12 13 14 15 16 17 18 19 20 21 22 23 24 25 26 27 |
---------------+----------------------------------------------------------------------------------+-----
Axes           | 5 6 7 9 10 11 13 15 16 18 22 24 25 27 | 27.0
Fighting       | 4 6 7 9 11 13 15 16 18 19 20 21 22 24 25 27 | 27.0
Armour         | 6 9 12 13 14 16 17 18 20 21 23 25 27 | 27.0
Evocations     | 4 6 8 9 |  9.2
Dodging        | 2 6 8 10 12 14 15 17 18 20 22 | 22.3
Stealth        | 9 13 | 13.8

Action                     |  1- 3 |  4- 6 |  7- 9 | 10-12 | 13-15 | 16-18 | 19-21 | 22-24 | 25-27 || total
---------------------------+-------+-------+-------+-------+-------+-------+-------+-------+-------++-------
  Melee: Hand axe          |   107 |    98 |       |       |       |       |       |       |       ||   205
         War axe           |       |    51 |   252 |   568 |   556 |       |       |       |       ||  1427
         Punch             |       |     1 |     2 |     5 |    11 |       |       |       |       ||    19
         Kick              |       |    13 |       |       |       |       |   486 |       |       ||   499
         Executioner's axe |       |       |       |       |   518 |  1300 |  1250 |  1671 |  1973 ||  6712
         Headbutt          |       |       |       |       |    44 |   289 |   269 |       |       ||   602
         Bite              |       |       |       |       |       |    85 |   114 |       |       ||   199
         Pseudopods        |       |       |       |       |       |       |    62 |       |       ||    62
         Peck              |       |       |       |       |       |       |    68 |   627 |   723 ||  1418
  Throw: Dart              |       |       |       |     2 |       |       |       |       |       ||     2
  Evoke: Wand              |       |       |     2 |     4 |    23 |     2 |     1 |     3 |    12 ||    47
         Phial of floods   |       |       |       |       |     1 |       |       |       |       ||     1
         Phantom mirror    |       |       |       |       |       |       |     2 |       |     1 ||     3
    Use: Scroll            |     2 |    10 |     8 |    11 |    22 |     3 |     6 |    11 |    14 ||    87
         Potion            |       |       |     5 |    10 |     8 |    14 |     8 |     4 |     9 ||    58
   Stab: Confused          |       |       |     1 |     1 |       |     4 |    16 |       |     3 ||    25
         Distracted        |       |       |       |     1 |     3 |       |     1 |     4 |     7 ||    16
         Paralysed         |       |       |       |       |     4 |       |       |       |       ||     4
         Invisible         |       |       |       |       |    10 |       |       |       |     2 ||    12
         Petrified         |       |       |       |       |     5 |       |       |       |       ||     5
         Sleeping          |       |       |       |       |       |       |       |    13 |    18 ||    31
 Armour: Leather armour    |    50 |    59 |    91 |       |       |       |       |       |       ||   200
         Chain mail        |       |       |   110 |   494 |   720 |       |       |       |       ||  1324
         Fire dragon scale |       |       |       |       |   500 |   558 |  1068 |  1396 |  1424 ||  4946
         Plate armour      |       |       |       |       |       |  1047 |       |       |       ||  1047
  Dodge: Dodged            |    65 |    71 |    92 |   179 |   473 |   633 |   954 |  1905 |  1992 ||  6364
         Repelled          |       |       |       |     2 |     7 |    12 |    31 |    32 |    71 ||   155
  Block: Other             |       |       |       |       |    61 |   252 |       |       |   339 ||   652

Levels and vault maps discovered:
D:1:      dpeg_arrival_water_temple_mockup, layout_loops_ring,
          amcnicky_mini_corridor_feature, minmay_pentomino_t4
D:2:      layout_loops_ring
D:3:      layout_basic, nicolae_overflow_crystal_walls,
          makhleb_altar_promises_db, grunt_temple_overflow_open
D:4:      layout_basic, slow_altar_1, minmay_pentomino_pile
D:5:      layout_basic, lemuel_doored_altar,
          mainiacjoe_overflow_concentric_impassable, minmay_manual_monstrance
D:6:      layout_loops_ring, grunt_dithmenos_smoke, serial_bayou_pond_e
D:7:      layout_basic, old_standard_altar, minmay_temple_entry_stoned_glass
D:8:      layout_loops_ring, minmay_unpleasant_kobolds, uniq_prince_ribbit1
D:9:      layout_cross, hiddenorc2_lemuel, serial_shops, shop
D:10:     layout_rooms, mainiacjoe_overflow_24_doors, old_standard_altar,
          due_lair_maze_entry_diamond, serial_shops, nicolae_shop_gaudy_bauble
D:11:     layout_long_grid, minmay_misc_feat_room
D:12:     layout_loops_ring, gammafunk_ghost_mausoleum
D:13:     layout_stronghold
D:14:     layout_irregular_city, hellmonk_vaults_attempted_burglary,
          infiniplex_staircase_zigzag_3, wad_hexagon
D:15:     grunt_enter_depths_magical_seal, layout_basic, elyvilon_altar_5,
          dreamdust_princess_corridor, hangedman_parallel_progression
Lair:1:   layout_roguey, disabler_island
Lair:2:   layout_layer_cave, dummy_spider_entry, beast_lair_carwin_6,
          lemuel_fruit_fields, grunt_megastairs_3
Lair:3:   layout_loops_ring, minmay_swamp_entry_worms, ebering_ghost_xom,
          grunt_megastairs_2
Lair:4:   minmay_lair_oklob_tunnel, layout_gridlike, minmay_hedge_maze,
          hangedman_tree_tricks, fungi_pond_lemuel, dreamdust_gnoll_shepherd,
          grunt_megastairs_4
Lair:5:   cheibrodos_lair_end_hotspot, layout_misc_corridors,
          nicolae_slime_entry_slimehenge, st_stairs_3
Swamp:1:  layout_falls_marsh, hangedman_swamp_ruin_hall, swamp_pool1, uniq_kirke
Swamp:2:  layout_falls_marsh, infiniplex_staircase_pool_2, hangedman_swamp_grove
Swamp:3:  layout_falls_marsh, evilmike_swamp_ruin_wall, uniq_bai_suzhen,
          uniq_jorgrun, uniq_mlioglotl
Swamp:4:  swamp_old_school, layout_basic_swamp,
          portal_ice_cave_entry_pillars_three, infiniplex_staircase_pool
Spider:1: layout_spider_delve, uniq_asterion
Spider:2: layout_spider_delve, uniq_louise, uniq_arachne, uniq_frances,
          uniq_nikola
Spider:3: layout_chambers
Spider:4: floodkiller_spider_rune_tomb, uniq_mara
Slime:1:  layout_caves
Slime:2:  layout_caves
Slime:3:  layout_caves, nicolae_slime_welcoming_committee
Slime:4:  layout_caves
Slime:5:  slime_pit_nicolae_trefoil
Orc:1:    layout_caves
Orc:2:    st_orc_open, layout_diamond_mine, serial_shops,
          nicolae_shop_overgrown_old_shop, shop, nicolae_shop_tiny_waterfront,
          nicolae_shop_tiny_waterfront
Elf:1:    minmay_elf_arrival_circle, layout_loops_cross,
          hangedman_elven_crosses_minicolossus
Elf:2:    elven_hall_of_blades_hangedman_alternative
          [nooodl_blade_entry_preview], layout_gridlike, uniq_donald
Elf:3:    elf_hall, layout_geoelf_castle, nicolae_elf_blasts_and_bolts
Vaults:1: st_octagons_1, nicolae_vaults_cornered_office, v_rooms_4,
          vaults_room_semicircle, hangedman_vaults_nails, v_misc_32,
          ontoclasm_vaults_eye, nicolae_vaults_network_s, v_misc_16,
          nicolae_vaults_diagonal_hallway_9, nicolae_vaults_tetromino_T_1,
          vaults_room_pools, nicolae_vaults_little_squares_3,
          vaults_dpeg_encased_lava, layout_vaults_omnicross, uniq_saint_roka,
          uniq_norris
Vaults:2: hangedman_vaults_capsules, vaults_room_large_hall,
          nicolae_vaults_apartment_2, hangedman_vaults_variations,
          nicolae_vaults_murder_corner, hangedman_vaults_restitches,
          vaults_standard_mumra_x, ontoclasm_vaults_decontamination,
          layout_vaults_omnigrid, serial_shops, nicolae_shop_advertising_works
          [nicolae_subvault_shop_adworks], uniq_aizul
Vaults:3: minmay_crypt_entry_simple_round, nicolae_vaults_tangram_2,
          gammafunk_sealed_arena, nicolae_vaults_diagonal_hallway_8,
          ontoclasm_vaults_fault, v_pattern_2, nicolae_vaults_angled_halls,
          nicolae_vaults_sesquioval_fish, nicolae_vaults_little_ls,
          nicolae_vaults_mini_display_case, layout_vaults_ring, serial_shops,
          shop
Vaults:4: nicolae_vaults_tangram_2, nicolae_vaults_little_squares_2, v_rooms_3,
          hangedman_vaults_snaps, nicolae_vaults_house_3,
          nicolae_vaults_storage_room_glass, nicolae_vaults_diamond_1,
          hangedman_vaults_maws, grunt_vaults_twisty,
          nicolae_vaults_tetromino_T_2, layout_vaults_chaotic_city,
          uniq_margery, uniq_frederick
Vaults:5: uniq_jory
Crypt:1:  layout_basic, gammafunk_ghost_crypt, grunt_crypt_arrival_split,
          lemuel_upstairs_altar
Crypt:2:  layout_gridlike, small_statue_intersection
Crypt:3:  due_elkab, layout_chaotic_city, serial_sigils,
          serial_sigils_hangedman_gut, serial_sigils_hangedman_carve,
          serial_sigils_hangedman_quiver, ebering_ghost_inner_flame, uniq_mennas
Depths:1: layout_twisted_cross, enter_ziggurat_f, doesnt_xom_only_xom,
          serial_shops, shop, hangedman_abyss_entry_splay, hell_entry,
          grunt_gozag_breadcrumbs
Depths:2: hangedman_elemental_death_ray, layout_gridlike,
          hangedman_decor_slide_cut, grunt_pan_entry_sceptre, hell_entry
Depths:3: grunt_house_of_mirrors, layout_cave_pools, hell_entry,
          mu_enter_wizlab_4, abyss_entry, solitary_fountain,
          nicolae_inconvenience_store, serial_bayou_shore_b, minmay_shoptagon,
          uniq_enchantress, uniq_grunn
Depths:4: grunt_zot_entry_gee_three, layout_cave_pools,
          hangedman_decor_riveting, hell_entry, minmay_shop_grove
Zot:1:    layout_cellular_growth
Zot:2:    grunt_zot_stairs_faceoff, layout_onion_interference, st_stairs_7,
          nicolae_diode_quadrants
Zot:3:    layout_misc_corridors, grunt_megastairs_5
Zot:4:    lemuel_draconian_sentries, layout_cathedral_of_symmetry
Zot:5:    layout_cathedral_of_symmetry, bh_zot_levy_curve

Notes
Turn   | Place    | Note
-------+----------+-------------------------------------------
     0 | D:1      | demibob the Hill Orc Chaos Knight began the quest for the
                  | Orb.
     0 | D:1      | Reached XP level 1. HP: 19/19 MP: 1/1
    80 | D:1      | XOM: smoke on damage
   163 | D:1      | Reached XP level 2. HP: 21/26 MP: 2/2
   211 | D:1      | Reached skill level 5 in Axes
   377 | D:1      | Reached XP level 3. HP: 31/31 MP: 3/3
   565 | D:1      | XOM: noise
   867 | D:2      | Reached skill level 6 in Axes
  1017 | D:2      | XOM: silly message
  1222 | D:2      | Reached XP level 4. HP: 39/39 MP: 4/4
  1594 | D:3      | XOM: divination: magic mapping
  1636 | D:3      | XOM: noise
  1707 | D:3      | Found a shimmering blue altar of Sif Muna.
  1708 | D:3      | Found a radiant altar of Vehumet.
  1708 | D:3      | Found an opulent altar of Gozag.
  1795 | D:3      | Reached skill level 7 in Axes
  1798 | D:3      | XOM: noise
  1906 | D:3      | Found an ancient bone altar of Kikubaaqudgha.
  1906 | D:3      | XOM: 11-stop teleportation journey
  1928 | D:3      | Reached skill level 4 in Fighting
  1928 | D:3      | Reached XP level 5. HP: 11/46 MP: 5/5
  2228 | D:3      | XOM: stat loss: -1 Int (11/12)
  2274 | D:3      | Found a burning altar of Makhleb.
  2274 | D:3      | Noticed a balrug
  2277 | D:3      | Noticed a ynoxinul
  2277 | D:3      | Noticed an orange demon
  2310 | D:3      | XOM: give mutation
  2310 | D:3      | Gained mutation: You have large cloven feet. [Xom's grace]
  2455 | D:3      | XOM: god gift: runed hand axe {god gift}
  2696 | D:4      | XOM: noise
  2748 | D:4      | Found a snail-covered altar of Cheibriados.
  2764 | D:4      | Reached XP level 6. HP: 47/53 MP: 6/6
  2829 | D:4      | XOM: give mutations
  2829 | D:4      | Gained mutation: You are frail. (-10% HP) [Xom's mischief]
  2829 | D:4      | Gained mutation: You occasionally lose the ability to drink
                  | potions when taking damage. [Xom's mischief]
  2856 | D:4      | XOM: butterfly on damage
  2862 | D:4      | Reached skill level 5 in Fighting
  2862 | D:4      | Reached skill level 8 in Axes
  3017 | D:4      | XOM: silly message
  3160 | D:4      | XOM: 1-stop teleportation journey
  3559 | D:5      | Entered Level 5 of the Dungeon
  3649 | D:5      | Noticed an ice beast
  3659 | D:5      | Killed an ice beast
  3660 | D:5      | Reached skill level 6 in Fighting
  3660 | D:5      | Reached skill level 9 in Axes
  3660 | D:5      | Reached XP level 7. HP: 40/56 MP: 7/7
  3692 | D:5      | XOM: divination: detect items
  3740 | D:5      | Found a white marble altar of Elyvilon.
  3811 | D:5      | XOM: cast spell 'Summon Cactus Giant'
  3834 | D:5      | XOM: divination: magic mapping
  3856 | D:5      | Found a hide-covered altar of Uskayaw.
  3911 | D:5      | Reached skill level 7 in Fighting
  3929 | D:5      | Reached skill level 10 in Axes
  3929 | D:5      | Reached XP level 8. HP: 65/65 MP: 8/8
  4026 | D:5      | XOM: cloud trail
  4422 | D:6      | Reached skill level 8 in Fighting
  4560 | D:6      | XOM: give mutation
  4560 | D:6      | Gained mutation: You are very frail. (-20% HP) [Xom's
                  | mischief]
  4597 | D:6      | XOM: repel stairs
  4616 | D:6      | Found a shadowy altar of Dithmenos.
  4840 | D:6      | Reached skill level 11 in Axes
  4898 | D:6      | XOM: summons 4 hostile demons
  4899 | D:6      | Noticed a smoke demon
  5111 | D:6      | Identified 2 potions of resistance
  5112 | D:6      | Lost mutation: You occasionally lose the ability to drink
                  | potions when taking damage. [potion of mutation]
  5112 | D:6      | Lost mutation: You are very frail. (-20% HP) [potion of
                  | mutation]
  5112 | D:6      | Lost mutation: You have large cloven feet. [potion of
                  | mutation]
  5112 | D:6      | Gained mutation: You are clumsy. (Dex -2) [potion of
                  | mutation]
  5112 | D:6      | Lost mutation: You are clumsy. (Dex -2) [potion of
                  | mutation]
  5113 | D:6      | Lost mutation: You are frail. (-10% HP) [potion of
                  | mutation]
  5113 | D:6      | Gained mutation: Your mind is acute. (Int +4, Str/Dex -1)
                  | [potion of mutation]
  5113 | D:6      | Gained mutation: You are partially covered in iridescent
                  | scales. (AC +2) [potion of mutation]
  5194 | D:7      | XOM: stat loss: -1 Int (15/16)
  5271 | D:7      | Reached skill level 9 in Fighting
  5273 | D:7      | Found a staircase to the Ecumenical Temple.
  5285 | D:7      | XOM: scenery: create altars
  5329 | D:7      | XOM: give mutations
  5329 | D:7      | Gained mutation: You have a pair of small antennae on your
                  | head. [Xom's grace]
  5329 | D:7      | Gained mutation: You are mostly covered in iridescent
                  | scales. (AC +4) [Xom's grace]
  5334 | D:7      | XOM: polymorph orc warrior -> jelly
  5463 | D:7      | Found a stormy altar of Qazlal.
  5463 | D:7      | XOM: 4-stop teleportation journey
  5878 | D:7      | Identified the amulet "Timaeggutz" {RegenMP *Slow MP+9
                  | Dex+5} (Xom gifted it to you on level 7 of the Dungeon)
  5878 | D:7      | XOM: god gift: amulet "Timaeggutz" {RegenMP *Slow MP+9
                  | Dex+5}
  5936 | D:7      | XOM: divination: magic mapping
  5994 | D:7      | XOM: scenery: create altars
  6142 | D:8      | XOM: summons 4 friendly demons
  6149 | D:8      | Reached XP level 9. HP: 84/84 MP: 9/9
  6184 | D:8      | XOM: summons friendly white imp
  6338 | D:8      | Noticed Prince Ribbit
  6346 | D:8      | Killed Prince Ribbit
  6347 | D:8      | Reached skill level 12 in Axes
  6371 | D:8      | Reached skill level 10 in Fighting
  6660 | D:8      | XOM: fog
  6709 | D:8      | XOM: noise
  6853 | D:8      | XOM: polymorph ice beast -> shapeshifter
  6853 | D:8      | a shapeshifter changed into a komodo dragon
  6853 | D:8      | Noticed a komodo dragon (shapeshifter)
  6862 | D:8      | a komodo dragon changed into a shapeshifter
  6862 | D:8      | XOM: polymorph komodo dragon -> shapeshifter
  6862 | D:8      | a shapeshifter changed into a faun
  6862 | D:8      | Noticed a faun (shapeshifter)
  6864 | D:8      | a faun changed into a swamp dragon
  6864 | D:8      | Noticed a swamp dragon (shapeshifter)
  6866 | D:8      | XOM: confuse monster(s)
  6870 | D:8      | Killed a swamp dragon
  6871 | D:8      | Reached skill level 11 in Fighting
  6871 | D:8      | Reached skill level 13 in Axes
  6953 | D:8      | XOM: god gift: arbalest {god gift}
  7096 | D:9      | Reached XP level 10. HP: 77/96 MP: 10/10
  7205 | D:9      | XOM: 1-stop teleportation journey
  7212 | D:9      | Reached skill level 14 in Axes
  7293 | D:9      | Reached skill level 12 in Fighting
  7305 | D:9      | XOM: scenery: summon butterflies
  7443 | D:9      | Found a staircase to the Orcish Mines.
  7497 | D:9      | XOM: enchant monster (good)
  7502 | D:9      | XOM: 2-stop teleportation journey
  7560 | D:9      | Found Qisucatz's Book Boutique.
  7560 | D:9      | XOM: silly message
  7574 | D:9      | XOM: cast spell 'Summon Mana Viper'
  7684 | D:9      | Noticed a two-headed ogre
  7693 | D:9      | Killed a two-headed ogre
  7813 | D:9      | XOM: potion effect (haste)
  7817 | D:9      | XOM: confusion (+ monsters)
  7824 | D:9      | Reached skill level 15 in Axes
  7835 | D:9      | Reached skill level 13 in Fighting
  7836 | D:9      | XOM: potion effect (invisibility)
  8062 | D:10     | Entered Level 10 of the Dungeon
  8075 | D:10     | XOM: silly message
  8076 | D:10     | XOM: cast spell 'Leda's Liquefaction'
  8085 | D:10     | Found a staircase to the Lair.
  8088 | D:10     | XOM: cast spell 'Olgreb's Toxic Radiance'
  8154 | D:10     | Noticed a gargoyle
  8162 | D:10     | Killed a gargoyle
  8163 | D:10     | Reached XP level 11. HP: 101/107 MP: 11/11
  8203 | D:10     | Reached skill level 3 in Armour
  8319 | D:10     | XOM: potion effect (curing)
  8329 | D:10     | XOM: noise
  8334 | D:10     | Noticed a two-headed ogre
  8336 | D:10     | Noticed a two-headed ogre
  8343 | D:10     | Killed a two-headed ogre
  8344 | D:10     | Reached skill level 16 in Axes
  8348 | D:10     | XOM: divination: detect creatures
  8351 | D:10     | Killed a two-headed ogre
  8352 | D:10     | Reached skill level 14 in Fighting
  8352 | D:10     | Reached skill level 4 in Armour
  8511 | D:10     | Found Pimoogh's Jewellery Shoppe.
  8557 | D:10     | XOM: god gift: great sword {god gift}
  8660 | D:10     | XOM: give mutations
  8660 | D:10     | Gained mutation: You are agile. (Dex +4, Str/Int -1) [Xom's
                  | mischief]
  8660 | D:10     | Lost mutation: You are agile. (Dex +4, Str/Int -1) [Xom's
                  | mischief]
  8665 | D:10     | Found an iron altar of Okawaru.
  8705 | D:10     | Reached skill level 5 in Armour
  8806 | D:10     | Found a hazy altar of Hepliaklqana.
  8876 | D:10     | XOM: give mutations
  8876 | D:10     | Gained mutation: You are clumsy. (Dex -2) [Xom's mischief]
  8876 | D:10     | Gained mutation: Your flesh is cold resistant. (rC+) [Xom's
                  | mischief]
  8876 | D:10     | Lost mutation: Your mind is acute. (Int +4, Str/Dex -1)
                  | [Xom's mischief]
  8876 | D:10     | Gained mutation: Your mind is acute. (Int +4, Str/Dex -1)
                  | [Xom's mischief]
  8885 | D:10     | XOM: noise
  9055 | D:11     | Noticed a green ugly thing
  9073 | D:11     | Killed a green ugly thing
  9222 | D:11     | Reached skill level 1 in Evocations
  9230 | D:11     | Noticed a boulder beetle
  9247 | D:11     | Noticed a two-headed ogre
  9250 | D:11     | XOM: divination: detect creatures
  9257 | D:11     | XOM: divination: magic mapping
  9259 | D:11     | XOM: noise
  9261 | D:11     | Killed a two-headed ogre
  9262 | D:11     | Reached skill level 2 in Evocations
  9270 | D:11     | Killed a boulder beetle
  9314 | D:11     | Reached skill level 6 in Armour
 10175 | D:11     | Noticed a manticore
 10179 | D:11     | a manticore changed into a wind drake
 10179 | D:11     | XOM: polymorph manticore -> wind drake
 10449 | D:11     | XOM: god gift: scarf of invisibility
 10489 | D:12     | XOM: divination: detect items
 10490 | D:12     | XOM: scenery: create altars
 10495 | D:12     | Reached skill level 3 in Evocations
 10574 | D:12     | XOM: divination: magic mapping
 10578 | D:12     | XOM: summons 3 friendly demons
 10595 | D:12     | XOM: butterfly on damage
 10614 | D:12     | XOM: confuse monster(s)
 10649 | D:12     | XOM: scenery: create altars
 10679 | D:12     | Reached skill level 15 in Fighting
 10790 | D:12     | Noticed a two-headed ogre
 10797 | D:12     | XOM: blink monster(s)
 10808 | D:12     | XOM: god gift: scroll labelled VAEMYUNEEK {god gift}
 10814 | D:12     | Reached skill level 4 in Evocations
 10814 | D:12     | Reached XP level 12. HP: 68/119 MP: 12/12
 10832 | D:12     | XOM: scenery: create altars
 10841 | D:12     | XOM: give mutation
 10841 | D:12     | Lost mutation: You are clumsy. (Dex -2) [Xom's mischief]
 10844 | D:12     | Reached skill level 7 in Armour
 11051 | Lair:1   | Entered Level 1 of the Lair of Beasts
 11069 | Lair:1   | XOM: blink monster(s)
 11076 | Lair:1   | XOM: 1-stop teleportation journey
 11173 | Lair:1   | XOM: summons 2 hostile shadow creatures
 11174 | Lair:1   | Noticed a boulder beetle
 11265 | Lair:1   | XOM: confusion
 11285 | Lair:1   | XOM: cast spell 'Metabolic Englaciation'
 11290 | Lair:1   | XOM: divination: detect items
 11295 | Lair:1   | XOM: divination: detect creatures
 11296 | Lair:1   | XOM: noise
 11338 | Lair:1   | Reached skill level 5 in Evocations
 11449 | Lair:1   | XOM: enchant monster (good)
 11649 | Lair:1   | You are sucked into a shaft and drop 1 floor!
 11650 | Lair:2   | XOM: enchant monster (good)
 11658 | Lair:2   | XOM: summons 5 friendly demons
 11662 | Lair:2   | Noticed a skyshark
 11663 | Lair:2   | Reached skill level 8 in Armour
 11672 | Lair:2   | Killed a skyshark
 11707 | Lair:2   | XOM: divine lightning
 11708 | Lair:2   | XOM: give mutations
 11708 | Lair:2   | Gained mutation: You are weak. (Str -2) [Xom's mischief]
 11708 | Lair:2   | Gained mutation: You have supernaturally acute eyesight.
                  | (SInv) [Xom's mischief]
 11724 | Lair:2   | XOM: summons 2 hostile shadow creatures
 11725 | Lair:2   | XOM: scenery: summon butterflies
 11729 | Lair:2   | XOM: polymorph cane toad -> shapeshifter
 11790 | Lair:2   | XOM: polymorph basilisk -> blink frog
 11812 | Lair:2   | XOM: fake destruction
 11852 | Lair:2   | Found a hole to the Spider Nest.
 11858 | Lair:2   | Reached skill level 6 in Evocations
 11863 | Lair:2   | Reached skill level 16 in Fighting
 11895 | Lair:2   | XOM: summons 4 hostile demons
 11981 | Lair:2   | XOM: give mutation
 11981 | Lair:2   | Gained mutation: You have sharp toenails. [Xom's grace]
 12035 | Lair:2   | Noticed a death yak
 12036 | Lair:2   | Noticed a death yak
 12037 | Lair:2   | XOM: summons 2 friendly demons
 12048 | Lair:2   | a death yak changed into a minotaur
 12048 | Lair:2   | Noticed a minotaur
 12048 | Lair:2   | XOM: polymorph death yak -> minotaur
 12068 | Lair:2   | Killed a minotaur
 12299 | Lair:2   | XOM: smoke on damage
 12422 | Lair:2   | Noticed a death yak
 12428 | Lair:2   | XOM: scenery: create altars
 12429 | Lair:2   | XOM: summons 1 hostile demon
 12430 | Lair:2   | Killed a death yak
 12431 | Lair:2   | Reached skill level 9 in Armour
 12431 | Lair:2   | XOM: give mutation
 12431 | Lair:2   | Lost mutation: You are mostly covered in iridescent scales.
                  | (AC +4) [Xom's mischief]
 12437 | Lair:2   | XOM: blink monster(s)
 12602 | Lair:2   | XOM: 2-stop teleportation journey
 12616 | Lair:2   | XOM: summons 2 friendly demons
 12621 | Lair:2   | Killed a death yak
 12749 | Lair:2   | XOM: noise
 12757 | Lair:2   | XOM: give mutations
 12757 | Lair:2   | Lost mutation: Your flesh is cold resistant. (rC+) [Xom's
                  | mischief]
 12757 | Lair:2   | Gained mutation: You are mostly covered in iridescent
                  | scales. (AC +4) [Xom's mischief]
 12757 | Lair:2   | Lost mutation: Your mind is acute. (Int +4, Str/Dex -1)
                  | [Xom's mischief]
 12757 | Lair:2   | Gained mutation: Your system is resistant to poisons.
                  | (rPois) [Xom's mischief]
 12760 | Lair:2   | XOM: summons friendly quasit
 12778 | Lair:2   | Reached XP level 13. HP: 99/130 MP: 13/13
 12782 | Lair:2   | XOM: give mutations
 12782 | Lair:2   | Gained mutation: You occasionally lose the ability to read
                  | scrolls when taking damage. [Xom's mischief]
 12782 | Lair:2   | Gained mutation: You sometimes lose your temper in combat.
                  | [Xom's mischief]
 12792 | Lair:2   | Reached skill level 10 in Armour
 13735 | Lair:3   | Found a runed translucent door.
 13761 | Lair:3   | XOM: summons friendly white imp
 13836 | Lair:3   | XOM: cast spell 'Dispersal'
 13846 | Lair:3   | XOM: divination: magic mapping
 13853 | Lair:3   | Reached skill level 17 in Fighting
 13886 | Lair:3   | XOM: scenery: create altars
 13934 | Lair:3   | XOM: swap monsters
 13970 | Lair:3   | XOM: 1-stop teleportation journey
 14047 | Lair:3   | XOM: give mutations
 14047 | Lair:3   | Lost mutation: You occasionally lose the ability to read
                  | scrolls when taking damage. [Xom's mischief]
 14047 | Lair:3   | Gained mutation: You are occasionally teleported next to
                  | monsters. [Xom's mischief]
 14047 | Lair:3   | Gained mutation: You occasionally lose the ability to read
                  | scrolls when taking damage. [Xom's mischief]
 14047 | Lair:3   | Lost mutation: You are weak. (Str -2) [Xom's mischief]
 14286 | Lair:3   | XOM: noise
 14434 | Lair:3   | Found a staircase to the Swamp.
 14443 | Lair:3   | XOM: chaos cloud
 14451 | Lair:3   | XOM: stat loss: -1 Dex (9/10)
 14453 | Lair:3   | XOM: confusion
 14560 | Lair:3   | XOM: give mutations
 14560 | Lair:3   | Lost mutation: Your system is resistant to poisons. (rPois)
                  | [Xom's mischief]
 14560 | Lair:3   | Lost mutation: You are occasionally teleported next to
                  | monsters. [Xom's mischief]
 14680 | Lair:3   | XOM: summons 3 hostile shadow creatures
 14802 | Lair:3   | XOM: 1-stop teleportation journey
 14856 | Lair:3   | XOM: enchant monster (good)
 14861 | Lair:3   | Reached skill level 11 in Armour
 14958 | Lair:3   | XOM: cast spell 'Death Channel'
 15034 | Lair:3   | Found a shimmering altar of Xom.
 15034 | Lair:3   | Noticed Vade Gum's ghost (journeyman DsGl)
 15058 | Lair:3   | XOM: summons 11 friendly demons
 15188 | Lair:3   | XOM: god gift: fuming dark potion {god gift}
 15554 | Lair:4   | XOM: summons friendly crimson imp
 15555 | Lair:4   | XOM: polymorph elephant -> guardian serpent
 15558 | Lair:4   | Reached skill level 7 in Evocations
 15562 | Lair:4   | XOM: cast spell 'Cause Fear'
 15577 | Lair:4   | XOM: divine lightning
 15578 | Lair:4   | XOM: enchant monster (good)
 15589 | Lair:4   | XOM: enchant monster (good)
 15647 | Lair:3   | XOM: scenery: create altars
 15764 | Lair:4   | XOM: 4-stop teleportation journey
 15805 | Lair:4   | XOM: confuse monster(s)
 15813 | Lair:4   | Reached skill level 18 in Fighting
 15890 | Lair:4   | XOM: cleaving
 15891 | Lair:4   | XOM: scenery: create altars
 16092 | Lair:4   | XOM: 5-stop teleportation journey
 16110 | Lair:4   | XOM: noise
 16122 | Lair:4   | XOM: scenery: create altars
 16178 | Lair:4   | XOM: summons friendly white imp
 16183 | Lair:4   | XOM: summons friendly iron imp
 16184 | Lair:4   | XOM: potion effect (curing)
 16189 | Lair:4   | XOM: destruction
 16317 | Lair:4   | Reached skill level 12 in Armour
 16341 | Lair:4   | Found a blossoming altar of Fedhas.
 16372 | Lair:4   | XOM: silly message
 16495 | Lair:4   | XOM: noise
 16565 | Lair:4   | Reached skill level 8 in Evocations
 16734 | Lair:4   | XOM: god gift: 4 stones
 16754 | Lair:4   | XOM: summons 3 hostile demons
 16755 | Lair:4   | XOM: summons friendly ufetubus
 16805 | Lair:4   | XOM: god gift: scroll of blinking
 16807 | Lair:4   | Reached XP level 14. HP: 128/144 MP: 14/14
 16815 | Lair:4   | XOM: summons 9 friendly demons
 16825 | Lair:4   | XOM: cleaving
 16836 | Lair:4   | XOM: destruction
 16908 | Lair:4   | XOM: give mutations
 16908 | Lair:4   | Gained mutation: You are somewhat resistant to further
                  | mutation. [Xom's mischief]
 16908 | Lair:4   | Lost mutation: You have a pair of small antennae on your
                  | head. [Xom's mischief]
 17138 | Lair:4   | XOM: summons 3 hostile shadow creatures
 17236 | Lair:4   | XOM: silly message
 17243 | Lair:5   | Entered Level 5 of the Lair of Beasts
 17243 | Lair:5   | Found a viscous altar of Jiyva.
 17247 | Lair:5   | XOM: potion effect (haste)
 17629 | Lair:5   | XOM: blink monster(s)
 17721 | Lair:5   | XOM: snakes to sticks
 17780 | Lair:5   | XOM: polymorph yak -> hornet
 17785 | Lair:5   | XOM: polymorph yak -> hornet
 17827 | Lair:5   | Reached skill level 9 in Evocations
 17838 | Lair:5   | XOM: divination: detect items
 18075 | Lair:5   | XOM: draining
 18219 | Lair:4   | XOM: cast spell 'Metabolic Englaciation'
 18220 | Lair:4   | XOM: scenery: summon butterflies
 18309 | Lair:4   | XOM: summons 3 hostile demons
 18485 | Lair:5   | Reached skill level 13 in Armour
 18487 | Lair:5   | XOM: enchant monster (good)
 18490 | Lair:5   | XOM: cast spell 'Summon Horrible Things'
 18494 | Lair:5   | Reached skill level 19 in Fighting
 18503 | Lair:5   | XOM: polymorph large abomination -> large abomination
 18521 | Lair:5   | XOM: god gift: +0 executioner's axe of chaos
 18632 | Lair:5   | XOM: god gift: fine chain mail {god gift}
 18632 | Lair:5   | Identified the +1 chain mail "Liets" {+Blink Str+4 Int+4}
                  | (Xom gifted it to you on level 5 of the Lair of Beasts)
 18843 | Lair:5   | XOM: summons 3 friendly demons
 18878 | Lair:5   | XOM: enchant monster (bad)
 18974 | Lair:5   | Found a staircase to the Slime Pits.
 18996 | Lair:5   | Fell from the grace of Xom
 18996 | Lair:5   | Became a worshipper of Jiyva Joom the Shapeless
 19341 | Lair:5   | Found a large runed translucent door.
 19342 | Lair:5   | Found a large runed translucent door.
 19360 | Lair:5   | XOM: summons 1 hostile demon
 19602 | Lair:1   | Reached skill level 17 in Axes
 19648 | Lair:1   | XOM: swap monsters
 19902 | Lair:1   | Reached * piety under Jiyva
 20040 | Lair:1   | XOM: give mutations
 20040 | Lair:1   | Lost mutation: You are somewhat resistant to further
                  | mutation. [Xom's mischief]
 20040 | Lair:1   | Gained mutation: You have a pair of small horns on your
                  | head. [Xom's mischief]
 20201 | Orc:1    | Entered Level 1 of the Orcish Mines
 20206 | Orc:1    | Gained mutation: Your body sometimes deteriorates upon
                  | taking damage. [a neqoxec]
 20209 | Orc:1    | Gained mutation: You occasionally lose the ability to drink
                  | potions when taking damage. [a neqoxec]
 20210 | Orc:1    | Gained mutation: You are vulnerable to cold. (rC-) [a
                  | neqoxec]
 20216 | Orc:1    | Reached skill level 18 in Axes
 20355 | Orc:1    | Reached ** piety under Jiyva
 20406 | Orc:1    | Reached XP level 15. HP: 132/152 MP: 15/15
 20508 | Orc:1    | XOM: give mutations
 20508 | Orc:1    | Lost mutation: You occasionally lose the ability to drink
                  | potions when taking damage. [Xom's mischief]
 20508 | Orc:1    | Gained mutation: You have a pair of horns on your head.
                  | [Xom's mischief]
 20508 | Orc:1    | Lost mutation: You are vulnerable to cold. (rC-) [Xom's
                  | mischief]
 20602 | Orc:1    | You fall into a shaft and drop 1 floor!
 20602 | Orc:2    | Entered Level 2 of the Orcish Mines
 20602 | Orc:2    | Found a staircase to the Elven Halls.
 20697 | Orc:2    | Found Guef's Antique Weapon Shop.
 20741 | Orc:2    | XOM: 1-stop teleportation journey
 20745 | Orc:2    | Reached *** piety under Jiyva
 20775 | Orc:2    | Found Foniuxod's Magic Scroll Shop.
 20782 | Orc:2    | Found Zomn's Distillery.
 20785 | Orc:2    | Bought a scroll of enchant armour for 97 gold pieces
 20785 | Orc:2    | Bought a scroll of acquirement for 676 gold pieces
 20786 | Orc:2    | Acquired the +3 pair of mountain boots {steadfast, rC+}
 20786 | Orc:2    | Found the +3 pair of mountain boots {steadfast, rC+}
 20806 | Orc:2    | Bought 2 potions of heal wounds for 160 gold pieces
 20806 | Orc:2    | Bought a potion of haste for 160 gold pieces
 20806 | Orc:2    | Bought a potion of haste for 160 gold pieces
 20806 | Orc:2    | Bought a potion of curing for 48 gold pieces
 20849 | Orc:2    | Found Pamyoch's Antique Weapon Boutique.
 20866 | Orc:2    | Reached skill level 19 in Axes
 20898 | Orc:2    | Reached skill level 20 in Axes
 20921 | Orc:2    | Found Zaot's Assorted Antiques.
 20922 | Orc:2    | Found Ziufoesh's Jewellery Shoppe.
 20926 | Orc:2    | Found Bed Vama's Armour Emporium.
 20962 | Orc:2    | Lost mutation: You have a pair of horns on your head.
                  | [Jiyva's grace]
 20962 | Orc:2    | Lost mutation: You have a pair of small horns on your head.
                  | [Jiyva's grace]
 20962 | Orc:2    | Lost mutation: You sometimes lose your temper in combat.
                  | [Jiyva's grace]
 20962 | Orc:2    | Lost mutation: You occasionally lose the ability to read
                  | scrolls when taking damage. [Jiyva's grace]
 20962 | Orc:2    | Gained mutation: You have a small jelly attached to you
                  | that may absorb projectiles. [Jiyva's grace]
 20962 | Orc:2    | Gained mutation: You are partially covered in large bone
                  | plates. (SH +4) [Jiyva's grace]
 20962 | Orc:2    | Gained mutation: You are mostly covered in large bone
                  | plates. (SH +6) [Jiyva's grace]
 20962 | Orc:2    | Gained mutation: You are completely covered in large bone
                  | plates. (SH +8) [Jiyva's grace]
 20974 | Orc:2    | Bought a smoky green potion for 27 gold pieces
 20974 | Orc:2    | Bought a potion of heal wounds for 155 gold pieces
 20974 | Orc:2    | Bought a scroll of identify for 62 gold pieces
 20990 | Orc:2    | XOM: god gift: 26 gold pieces
 21028 | Orc:2    | Found Gyluqug's Antique Armour Boutique.
 21452 | D:12     | Found a transporter.
 21452 | D:12     | Noticed gurdl9716's ghost (journeyman TrGl)
 21490 | D:12     | Reached **** piety under Jiyva
 21568 | D:12     | Found a transporter.
 21579 | D:12     | XOM: silly message
 21622 | D:12     | Reached skill level 21 in Axes
 21907 | D:13     | Reached ***** piety under Jiyva
 21958 | D:13     | XOM: 2-stop teleportation journey
 22087 | D:13     | Lost mutation: You have sharp toenails. [Jiyva's grace]
 22087 | D:13     | Lost mutation: You are mostly covered in iridescent scales.
                  | (AC +4) [Jiyva's grace]
 22087 | D:13     | Lost mutation: You are completely covered in large bone
                  | plates. (SH +8) [Jiyva's grace]
 22087 | D:13     | Gained mutation: You are mostly covered in iridescent
                  | scales. (AC +4) [Jiyva's grace]
 22087 | D:13     | Gained mutation: You are completely covered in iridescent
                  | scales. (AC +6) [Jiyva's grace]
 22087 | D:13     | Gained mutation: Your muscles are strong. (Str +4, Int/Dex
                  | -1) [Jiyva's grace]
 22087 | D:13     | Gained mutation: Your muscles are very strong. (Str +8,
                  | Int/Dex -2) [Jiyva's grace]
 22254 | D:13     | XOM: noise
 22436 | D:13     | XOM: stat loss: -1 Dex (9/10)
 22450 | D:13     | XOM: swap monsters
 22733 | D:14     | Found a gate to the Vaults.
 22922 | D:14     | Reached ****** piety under Jiyva
 22941 | D:14     | XOM: stat loss: -2 Dex (8/10)
 22982 | D:14     | Found a runed translucent door.
 23087 | D:14     | Lost mutation: You are completely covered in iridescent
                  | scales. (AC +6) [Jiyva's grace]
 23087 | D:14     | Lost mutation: Your muscles are very strong. (Str +8,
                  | Int/Dex -2) [Jiyva's grace]
 23087 | D:14     | Lost mutation: You have a small jelly attached to you that
                  | may absorb projectiles. [Jiyva's grace]
 23087 | D:14     | Gained mutation: You have a small jelly attached to you
                  | that senses nearby items. [Jiyva's grace]
 23087 | D:14     | Gained mutation: You are covered in slimy tendrils that may
                  | disarm your opponents. [Jiyva's grace]
 23087 | D:14     | Gained mutation: You passively dampen the noise of your
                  | surroundings. [Jiyva's grace]
 23087 | D:14     | Gained mutation: You expend magic power (3 MP) to
                  | strengthen your wands. [Jiyva's grace]
 23190 | D:14     | XOM: noise
 23326 | D:14     | Noticed a sphinx
 23340 | D:14     | Killed a sphinx
 23344 | D:14     | Reached skill level 22 in Axes
 23346 | D:14     | Identified the +6 war axe "Zool" {holy, rElec rC+ Stlth+}
 23615 | Slime:1  | Entered Level 1 of the Pits of Slime
 23616 | Slime:1  | Noticed an acid blob
 23621 | Slime:2  | Noticed an acid blob
 23639 | Slime:3  | Noticed a rockslime
 23648 | Slime:3  | Noticed a rockslime
 23670 | Slime:3  | Noticed a rockslime
 23670 | Slime:3  | Noticed an azure jelly
 23670 | Slime:3  | Noticed a rockslime
 23676 | Slime:3  | Noticed an acid blob
 23677 | Slime:4  | Noticed an acid blob
 23679 | Slime:4  | Noticed a rockslime
 23684 | Slime:5  | Entered Level 5 of the Pits of Slime
 23699 | Slime:5  | Noticed an azure jelly
 23709 | Slime:5  | Found a viscous altar of Jiyva.
 23710 | Slime:5  | Noticed a rockslime
 23713 | Slime:5  | Noticed a rockslime
 23714 | Slime:5  | Noticed the Royal Jelly
 23715 | Slime:5  | Noticed an acid blob
 23717 | Slime:5  | Noticed an acid blob
 23736 | Slime:5  | Noticed an acid blob
 23741 | Slime:5  | Noticed an azure jelly
 23825 | Slime:5  | Noticed an acid blob
 23829 | Slime:5  | Noticed an acid blob
 23830 | Slime:5  | Noticed an acid blob
 23834 | Slime:5  | Noticed an acid blob
 23839 | Slime:5  | Identified the scarf of the Ditch-Digger {+Inv, Dex+2}
 23842 | Slime:5  | Got a slimy rune of Zot
 23855 | Slime:5  | Found the dreamshard necklace {Acrobat *Dream}
 23864 | Slime:5  | Identified the +1 mace of the Open Hand {drain, rElec rCorr
                  | Str+2 Int-3}
 23973 | Slime:5  | XOM: polymorph quicksilver ooze -> shapeshifter
 23979 | Slime:5  | Identified the +7 mace "Murmur" {protect, rElec rC+ Dex+2
                  | Stlth+}
 23981 | Slime:5  | Identified the +8 war axe of Trial by Ordeal {vamp, +Blink
                  | Str+3}
 24007 | Slime:5  | Noticed an acid blob
 24035 | Slime:5  | Noticed a rockslime
 24036 | Slime:5  | Noticed an acid blob
 24095 | Slime:3  | Noticed a rockslime
 24110 | Slime:2  | Noticed a rockslime
 24379 | Vaults:1 | Entered Level 1 of the Vaults
 24566 | Spider:1 | Entered Level 1 of the Spider Nest
 24859 | Vaults:1 | Noticed a vault warden
 24859 | Vaults:1 | Noticed a titan
 24877 | Vaults:1 | Killed a vault warden
 24878 | Vaults:1 | Killed a titan
 24888 | Vaults:1 | Reached XP level 16. HP: 160/160 MP: 16/16
 24908 | Vaults:1 | Noticed Saint Roka
 24929 | Vaults:1 | XOM: confusion (+ monsters)
 24950 | Vaults:1 | Killed Saint Roka
 24951 | Vaults:1 | Reached skill level 23 in Axes
 25250 | Vaults:1 | Noticed Norris
 25278 | Vaults:1 | Killed Norris
 25294 | Vaults:1 | Reached skill level 14 in Armour
 25331 | Vaults:1 | XOM: scenery: 3 doors open
 25381 | Vaults:1 | XOM: polymorph jelly -> river rat
 25587 | Vaults:1 | Reached skill level 20 in Fighting
 25591 | Vaults:1 | Reached skill level 24 in Axes
 25717 | Vaults:1 | Reached skill level 1 in Dodging
 25909 | Vaults:1 | Reached skill level 2 in Dodging
 25941 | Vaults:1 | Lost mutation: You have supernaturally acute eyesight.
                  | (SInv) [Jiyva's grace]
 25941 | Vaults:1 | Lost mutation: Your muscles are strong. (Str +4, Int/Dex
                  | -1) [Jiyva's grace]
 25941 | Vaults:1 | Lost mutation: You are covered in slimy tendrils that may
                  | disarm your opponents. [Jiyva's grace]
 25941 | Vaults:1 | Lost mutation: You have a small jelly attached to you that
                  | senses nearby items. [Jiyva's grace]
 25941 | Vaults:1 | Gained mutation: You have a pair of small horns on your
                  | head. [Jiyva's grace]
 25941 | Vaults:1 | Gained mutation: You have a pair of horns on your head.
                  | [Jiyva's grace]
 25941 | Vaults:1 | Gained mutation: You have a pair of large horns on your
                  | head. [Jiyva's grace]
 25941 | Vaults:1 | Gained mutation: You are covered in slimy tendrils that may
                  | disarm your opponents. [Jiyva's grace]
 26058 | Vaults:1 | Reached XP level 17. HP: 170/170 MP: 17/17
 26488 | Spider:1 | Noticed Asterion
 26516 | Spider:1 | Killed Asterion
 26616 | Spider:1 | Reached skill level 15 in Armour
 26616 | Spider:1 | Reached skill level 3 in Dodging
 26707 | Spider:1 | XOM: polymorph jelly -> river rat
 26806 | Spider:1 | Reached skill level 4 in Dodging
 26988 | Spider:1 | XOM: give mutation
 26988 | Spider:1 | Lost mutation: You passively dampen the noise of your
                  | surroundings. [Xom's mischief]
 27052 | Spider:2 | Noticed Nikola
 27056 | Spider:2 | Noticed Frances
 27097 | Spider:1 | >>lul
 27111 | Spider:1 | Killed Nikola
 27160 | Spider:1 | Killed Frances
 27166 | Spider:1 | XOM: polymorph jelly -> rime drake
 27170 | Spider:1 | Reached skill level 21 in Fighting
 27363 | Spider:1 | Reached skill level 5 in Dodging
 27378 | Spider:1 | XOM: give mutations
 27378 | Spider:1 | Gained mutation: You are strong-willed. (Will+) [Xom's
                  | grace]
 27378 | Spider:1 | Gained mutation: You have large cloven feet. [Xom's grace]
 27378 | Spider:1 | Gained mutation: You are highly strong-willed. (Will++)
                  | [Xom's grace]
 27406 | Spider:2 | Noticed Arachne
 27443 | Spider:2 | Killed Arachne
 27475 | Spider:2 | XOM: 6-stop teleportation journey
 27547 | Spider:2 | Noticed Louise
 27576 | Spider:2 | Killed Louise
 27608 | Spider:2 | XOM: summons 2 hostile shadow creatures
 27728 | Spider:2 | XOM: give mutations
 27728 | Spider:2 | Lost mutation: You expend magic power (3 MP) to strengthen
                  | your wands. [Xom's mischief]
 27728 | Spider:2 | Gained mutation: You are weak. (Str -2) [Xom's mischief]
 27728 | Spider:2 | Lost mutation: Your body sometimes deteriorates upon taking
                  | damage. [Xom's mischief]
 27728 | Spider:2 | Lost mutation: You are covered in slimy tendrils that may
                  | disarm your opponents. [Xom's mischief]
 27728 | Spider:2 | Was forgiven by Xom
 27920 | Spider:3 | Reached skill level 16 in Armour
 28099 | Spider:3 | Lost mutation: You have a pair of large horns on your head.
                  | [Jiyva's grace]
 28099 | Spider:3 | Lost mutation: You are mostly covered in large bone plates.
                  | (SH +6) [Jiyva's grace]
 28099 | Spider:3 | Gained mutation: Your skin changes colour to match your
                  | surroundings (Stealth+). [Jiyva's grace]
 28099 | Spider:3 | Gained mutation: Your skin blends seamlessly with your
                  | surroundings (Stealth++). [Jiyva's grace]
 28099 | Spider:3 | Gained mutation: Your skin perfectly mimics your
                  | surroundings (Stealth+++). [Jiyva's grace]
 28099 | Spider:3 | Gained mutation: Your flesh is heat resistant. (rF+)
                  | [Jiyva's grace]
 28464 | Spider:3 | Reached skill level 6 in Dodging
 29107 | Spider:4 | Entered Level 4 of the Spider Nest
 29122 | Spider:4 | Reached XP level 18. HP: 178/178 MP: 18/18
 29665 | Spider:4 | Lost mutation: You have large cloven feet. [Jiyva's grace]
 29665 | Spider:4 | Lost mutation: You have a pair of horns on your head.
                  | [Jiyva's grace]
 29665 | Spider:4 | Lost mutation: You are partially covered in large bone
                  | plates. (SH +4) [Jiyva's grace]
 29665 | Spider:4 | Lost mutation: Your skin perfectly mimics your surroundings
                  | (Stealth+++). [Jiyva's grace]
 29665 | Spider:4 | Gained mutation: You have acidic saliva. [Jiyva's grace]
 29665 | Spider:4 | Gained mutation: Your mind is acute. (Int +4, Str/Dex -1)
                  | [Jiyva's grace]
 29665 | Spider:4 | Gained mutation: Your mind is very acute. (Int +8, Str/Dex
                  | -2) [Jiyva's grace]
 29665 | Spider:4 | Gained mutation: Your body has grown eyes which may confuse
                  | attackers. (Acc +3) [Jiyva's grace]
 29826 | Spider:4 | Reached skill level 7 in Dodging
 29837 | Spider:4 | Reached skill level 22 in Fighting
 30038 | Spider:4 | Got a gossamer rune of Zot
 30039 | Spider:4 | Identified the scarf of Bellicose Music {+Inv, rElec}
 30265 | Spider:4 | Reached skill level 17 in Armour
 30423 | Spider:4 | Noticed Mara
 30426 | Spider:4 | Noticed demibob's illusion
 31298 | Vaults:2 | Reached skill level 8 in Dodging
 31742 | Vaults:2 | Found Pudwen's Distillery.
 31755 | Vaults:2 | Bought a potion of heal wounds for 65 gold pieces
 31755 | Vaults:2 | Bought a potion of haste for 130 gold pieces
 31755 | Vaults:2 | Bought a potion of haste for 130 gold pieces
 31755 | Vaults:2 | Bought a potion of curing for 39 gold pieces
 31755 | Vaults:2 | Bought 2 potions of curing for 78 gold pieces
 31787 | Vaults:2 | Noticed Aizul
 31898 | Vaults:2 | Killed Aizul
 32027 | Vaults:2 | Noticed a lich
 32035 | Vaults:2 | Killed a lich
 32047 | Vaults:2 | Reached XP level 19. HP: 180/193 MP: 19/19
 32526 | Vaults:3 | Reached skill level 18 in Armour
 32535 | Vaults:3 | Reached skill level 23 in Fighting
 32645 | Vaults:3 | Found a staircase to the Crypt.
 32653 | Vaults:3 | Reached skill level 9 in Dodging
 32981 | Vaults:3 | Lost mutation: Your skin blends seamlessly with your
                  | surroundings (Stealth++). [Jiyva's grace]
 32981 | Vaults:3 | Lost mutation: Your flesh is heat resistant. (rF+) [Jiyva's
                  | grace]
 32981 | Vaults:3 | Lost mutation: You are weak. (Str -2) [Jiyva's grace]
 32981 | Vaults:3 | Lost mutation: You have acidic saliva. [Jiyva's grace]
 32981 | Vaults:3 | Gained mutation: You have supernaturally acute eyesight.
                  | (SInv) [Jiyva's grace]
 32981 | Vaults:3 | Gained mutation: You have sharp toenails. [Jiyva's grace]
 32981 | Vaults:3 | Gained mutation: You have razor-sharp toenails. [Jiyva's
                  | grace]
 32981 | Vaults:3 | Gained mutation: You have claws for feet. [Jiyva's grace]
 33077 | Vaults:3 | Found a transporter.
 33143 | Vaults:3 | Found Kire's General Store.
 33198 | Vaults:3 | Found a transporter.
 33263 | Vaults:3 | Identified the ring "Veavan" {Fly rPois rC+ Dex+5 Stlth-}
 33776 | Vaults:4 | Identified the +0 glaive of Eternal Harmony {freeze, rPois
                  | rF+ Will+++ MP+9}
 33820 | Vaults:4 | Reached skill level 10 in Dodging
 33998 | Vaults:4 | Noticed Frederick
 34008 | Vaults:4 | Killed Frederick
 34266 | Vaults:4 | Noticed Margery
 34295 | Vaults:4 | Killed Margery
 34454 | Vaults:4 | Reached skill level 24 in Fighting
 34896 | Swamp:1  | Entered Level 1 of the Swamp
 34925 | Swamp:1  | Noticed Kirke
 34950 | Swamp:1  | Killed Kirke
 34951 | Swamp:1  | Reached XP level 20. HP: 171/206 MP: 20/20
 35300 | Swamp:1  | Lost mutation: You have claws for feet. [Jiyva's grace]
 35300 | Swamp:1  | Lost mutation: You have razor-sharp toenails. [Jiyva's
                  | grace]
 35300 | Swamp:1  | Lost mutation: Your mind is very acute. (Int +8, Str/Dex
                  | -2) [Jiyva's grace]
 35300 | Swamp:1  | Lost mutation: You are highly strong-willed. (Will++)
                  | [Jiyva's grace]
 35300 | Swamp:1  | Lost mutation: You are strong-willed. (Will+) [Jiyva's
                  | grace]
 35300 | Swamp:1  | Gained mutation: You have acidic saliva. [Jiyva's grace]
 35300 | Swamp:1  | Gained mutation: You are agile. (Dex +4, Str/Int -1)
                  | [Jiyva's grace]
 35300 | Swamp:1  | Gained mutation: You are very agile. (Dex +8, Str/Int -2)
                  | [Jiyva's grace]
 35300 | Swamp:1  | Gained mutation: You are completely covered in iridescent
                  | scales. (AC +6) [Jiyva's grace]
 35357 | Swamp:1  | You are sucked into a shaft and drop 1 floor!
 35370 | Swamp:2  | Reached skill level 11 in Dodging
 35422 | Swamp:2  | Paralysed by a hornet for 3 turns
 35870 | Swamp:1  | Upgraded the game from 0.31-a0-705-ga145531891 to
                  | 0.31-a0-716-gc7603755dd
 36238 | Swamp:3  | Noticed Jorgrun
 36253 | Swamp:3  | Killed Jorgrun
 36269 | Swamp:3  | Noticed Mlioglotl
 36293 | Swamp:3  | Killed Mlioglotl
 36380 | Swamp:3  | Noticed Bai Suzhen
 36540 | Swamp:3  | Killed Bai Suzhen
 36837 | Swamp:4  | Entered Level 4 of the Swamp
 37099 | Swamp:4  | Reached skill level 25 in Fighting
 37164 | Swamp:4  | Reached skill level 12 in Dodging
 37191 | Swamp:4  | Noticed the 27-headed Lernaean hydra
 37198 | Swamp:4  | Killed the 26-headed Lernaean hydra
 37369 | Swamp:4  | Found a frozen archway.
 37512 | Swamp:4  | Got a decaying rune of Zot
 37815 | Elf:1    | Entered Level 1 of the Elven Halls
 37940 | Elf:1    | Lost mutation: You have a pair of small horns on your head.
                  | [Jiyva's grace]
 37940 | Elf:1    | Lost mutation: You are completely covered in iridescent
                  | scales. (AC +6) [Jiyva's grace]
 37940 | Elf:1    | Lost mutation: You are mostly covered in iridescent scales.
                  | (AC +4) [Jiyva's grace]
 37940 | Elf:1    | Lost mutation: You have supernaturally acute eyesight.
                  | (SInv) [Jiyva's grace]
 37940 | Elf:1    | Lost mutation: Your body has grown eyes which may confuse
                  | attackers. (Acc +3) [Jiyva's grace]
 37940 | Elf:1    | Lost mutation: Your skin changes colour to match your
                  | surroundings (Stealth+). [Jiyva's grace]
 37940 | Elf:1    | Gained mutation: Your translucent skin slightly reduces
                  | your foes' accuracy. (Stealth+) [Jiyva's grace]
 37940 | Elf:1    | Gained mutation: Your translucent skin reduces your foes'
                  | accuracy. (Stealth+) [Jiyva's grace]
 37940 | Elf:1    | Gained mutation: Your transparent skin significantly
                  | reduces your foes' accuracy. (Stealth+) [Jiyva's grace]
 37940 | Elf:1    | Gained mutation: Armour fits poorly on your pseudopods.
                  | [Jiyva's grace]
 38722 | Elf:2    | Found a huge runed translucent gate.
 38722 | Elf:2    | Found a huge runed translucent gate.
 38722 | Elf:2    | Found a huge runed translucent gate.
 38722 | Elf:2    | Found a huge runed translucent gate.
 38723 | Elf:2    | Found a huge runed translucent gate.
 38798 | Elf:2    | Got the Vademecum on Toxicants and the Tektite
 38974 | Elf:2    | Noticed Donald
 39004 | Elf:3    | Entered Level 3 of the Elven Halls
 39033 | Elf:3    | Reached XP level 21. HP: 210/220 MP: 21/21
 39160 | Elf:3    | Identified the ring "Gewagiar" {AC+4 Dex+4}
 39191 | Elf:3    | Reached skill level 19 in Armour
 39232 | Elf:3    | Reached skill level 26 in Fighting
 39722 | Elf:3    | Lost mutation: You are partially covered in iridescent
                  | scales. (AC +2) [Jiyva's grace]
 39722 | Elf:3    | Lost mutation: You have acidic saliva. [Jiyva's grace]
 39722 | Elf:3    | Lost mutation: Armour fits poorly on your pseudopods.
                  | [Jiyva's grace]
 39722 | Elf:3    | Lost mutation: Your transparent skin significantly reduces
                  | your foes' accuracy. (Stealth+) [Jiyva's grace]
 39722 | Elf:3    | Gained mutation: You have a beak for a mouth. [Jiyva's
                  | grace]
 39722 | Elf:3    | Gained mutation: Your natural rate of healing is unusually
                  | fast. [Jiyva's grace]
 39722 | Elf:3    | Gained mutation: You heal very quickly. [Jiyva's grace]
 39722 | Elf:3    | Gained mutation: You regenerate. [Jiyva's grace]
 39924 | Elf:3    | Identified the +5 morningstar of Tuniq {flame, +Blink rPois
                  | Str-5}
 39924 | Elf:3    | Identified the amulet "Jusit" {RegenMP +Inv rN+ SInv
                  | Stlth-}
 39997 | Elf:3    | Identified the +5 spear "Alink" {freeze, rN++ Will+ Dex-2}
 40035 | Elf:3    | Identified the +6 long sword of Liosk {flame, Int+4}
 40223 | Elf:3    | Identified the +1 spear of the Leaping Goat {vamp, rPois
                  | Dex+3 Stlth-}
 40265 | Elf:3    | Identified the ring "Dupnayz" {rF+ rC- rN+ Int+6}
 40269 | Elf:3    | You are cast into the Abyss!
 40269 | Abyss:2  | Cast into level 2 of the Abyss (a deep elf demonologist)
 40270 | Abyss:2  | Found a corrupted altar of Lugonu.
 40271 | Abyss:2  | Found a transporter.
 40271 | Abyss:2  | Noticed a bone dragon
 40282 | Abyss:2  | Paralysed by accursed screaming for 2 turns
 40290 | Abyss:2  | Paralysed by accursed screaming for 2 turns
 40425 | Abyss:2  | Reached skill level 20 in Armour
 40527 | Elf:3    | You pass through the gate.
 40527 | Elf:3    | Escaped the Abyss
 40538 | Elf:3    | Found the +2 hood of the Assassin {Detect Stab+ Stlth++}
 40554 | Elf:3    | Identified the staff "Jutiamo" {rF+ Str-5 Int+4 Stlth+
                  | Fire}
 40571 | Elf:3    | Got Ellofrysk's Papyrus of Beckoning
 40581 | Elf:3    | Identified the +2 cloak of Vocewnyd {+Inv}
 40589 | Elf:3    | Identified the +1 longbow of Compassion {freeze, rCorr}
 40604 | Elf:3    | Identified the +8 orcbow of Doom {heavy, Int+2}
 41113 | Vaults:5 | Entered Level 5 of the Vaults
 41153 | Vaults:5 | Reached skill level 27 in Fighting
 41161 | Vaults:5 | Paralysed by an ogre mage for 3 turns
 41162 | Vaults:5 | Noticed a dread lich
 41174 | Vaults:5 | Reached XP level 22. HP: 233/233 MP: 22/22
 41174 | Vaults:5 | Paralysed by a dread lich for 3 turns
 41184 | Vaults:5 | Paralysed by something for 4 turns
 41198 | Vaults:5 | Killed a dread lich
 41235 | Vaults:5 | Noticed a dread lich
 41251 | Vaults:5 | Paralysed by something for 4 turns
 41255 | Vaults:5 | Noticed a golden dragon
 41260 | Vaults:5 | Gained mutation: You occasionally lose the ability to read
                  | scrolls when taking damage. [a cacodemon]
 41267 | Vaults:5 | Identified the +8 glaive of Perversion {flame, Str+2 SInv}
 41366 | Vaults:4 | Paralysed by something for 2 turns
 41372 | Vaults:4 | Reached skill level 13 in Dodging
 41386 | Vaults:4 | Killed a dread lich
 41511 | Vaults:5 | Killed a golden dragon
 41551 | Vaults:5 | Noticed Jory
 41585 | Vaults:5 | Killed Jory
 41621 | Vaults:5 | Got a silver rune of Zot
 41688 | Vaults:5 | Reached skill level 21 in Armour
 41714 | Vaults:5 | Reached skill level 25 in Axes
 41809 | Vaults:5 | Noticed an ancient lich
 41830 | Vaults:5 | Killed an ancient lich
 42192 | Vaults:5 | Reached skill level 14 in Dodging
 42233 | Vaults:5 | Identified the +0 scale mail of the Ageless Quests {-Cast
                  | rElec Str+6}
 42425 | Vaults:5 | Identified the +0 pair of gloves of Tenacity {rElec Regen+}
 42599 | Vaults:5 | Found the brooch of Shielding {Spirit SH+8}
 42698 | Vaults:5 | Identified the +5 longbow "Ikuciwi" {drain, Dex+3}
 42716 | Vaults:5 | Reached XP level 23. HP: 220/229 MP: 23/23
 42807 | Vaults:5 | Got the Codex of the Galvanic Caves
 42818 | Vaults:5 | Identified the +9 war axe "Sicvot" {heavy, Will+ Int+4}
 42823 | Vaults:5 | Identified the +1 ring mail of the Harp {Str+2}
 42920 | Vaults:5 | Reached skill level 1 in Stealth
 43124 | D:15     | Entered Level 15 of the Dungeon
 43188 | D:15     | Reached skill level 2 in Stealth
 43300 | D:15     | Found a white marble altar of Elyvilon.
 43374 | D:15     | Found a staircase to the Depths.
 43385 | D:15     | Reached skill level 3 in Stealth
 43708 | D:15     | Lost mutation: You are very agile. (Dex +8, Str/Int -2)
                  | [Jiyva's grace]
 43708 | D:15     | Lost mutation: You are agile. (Dex +4, Str/Int -1) [Jiyva's
                  | grace]
 43708 | D:15     | Lost mutation: You regenerate. [Jiyva's grace]
 43708 | D:15     | Lost mutation: Your translucent skin reduces your foes'
                  | accuracy. (Stealth+) [Jiyva's grace]
 43708 | D:15     | Lost mutation: You occasionally lose the ability to read
                  | scrolls when taking damage. [Jiyva's grace]
 43708 | D:15     | Gained mutation: Your rubbery body absorbs attacks. (AC +1,
                  | EV +1) [Jiyva's grace]
 43708 | D:15     | Gained mutation: Your pliable body absorbs attacks. (AC +2,
                  | EV +2) [Jiyva's grace]
 43708 | D:15     | Gained mutation: Your gelatinous body deflects attacks. (AC
                  | +3, EV +3) [Jiyva's grace]
 43708 | D:15     | Gained mutation: You are somewhat resistant to further
                  | mutation. [Jiyva's grace]
 43834 | D:15     | Reached skill level 26 in Axes
 43985 | Depths:1 | Entered Level 1 of the Depths
 43999 | Depths:1 | Reached skill level 4 in Stealth
 44045 | Depths:1 | Found an opulent altar of Gozag.
 44113 | Depths:1 | Reached skill level 5 in Stealth
 44125 | Depths:1 | Found Julipn's Antique Weapon Emporium.
 44130 | Depths:1 | Found a gateway to Hell.
 44162 | Depths:1 | Bought a transparent broad axe for 306 gold pieces
 44162 | Depths:1 | Identified the +5 broad axe of the Protecting Oracle
                  | {freeze, rN+ Int+2} (You bought it in a shop on level 1 of
                  | the Depths)
 44201 | Depths:1 | Found a one-way gateway to a ziggurat.
 44308 | Depths:1 | Found an iron altar of Okawaru.
 44310 | Depths:1 | Found an ornate altar of the Wu Jian Council.
 44310 | Depths:1 | Found a blossoming altar of Fedhas.
 44346 | Depths:1 | Found a stormy altar of Qazlal.
 44346 | Depths:1 | Found a shimmering altar of Xom.
 44346 | Depths:1 | Found a shimmering blue altar of Sif Muna.
 44445 | Depths:1 | Found a one-way gate to the infinite horrors of the Abyss.
 44669 | Depths:1 | Reached skill level 6 in Stealth
 45009 | Depths:2 | Reached skill level 7 in Stealth
 45511 | Depths:2 | Found a one-way gate leading to the halls of Pandemonium.
 45681 | Depths:3 | Noticed the Enchantress
 45703 | Depths:3 | Reached skill level 8 in Stealth
 45712 | Depths:3 | Noticed Grunn
 45713 | Depths:3 | Killed the Enchantress
 45714 | Depths:3 | Reached skill level 15 in Dodging
 45733 | Depths:3 | Noticed a golden dragon
 45831 | Depths:2 | Reached skill level 9 in Stealth
 45898 | Depths:2 | Killed a golden dragon
 45988 | Depths:3 | Reached skill level 27 in Axes
 45998 | Depths:3 | Killed Grunn
 46158 | Depths:3 | Found a magical portal.
 46167 | WizLab   | Entered Doroklohe's Tomb
 46349 | WizLab   | Gained mutation: You regenerate. [Jiyva's grace]
 46349 | WizLab   | Gained mutation: You are partially covered in iridescent
                  | scales. (AC +2) [Jiyva's grace]
 46349 | WizLab   | Gained mutation: You are mostly covered in iridescent
                  | scales. (AC +4) [Jiyva's grace]
 46349 | WizLab   | Gained mutation: You are completely covered in iridescent
                  | scales. (AC +6) [Jiyva's grace]
 46404 | WizLab   | Noticed a royal mummy
 46420 | WizLab   | Reached XP level 24. HP: 174/226 MP: 23/23
 46421 | WizLab   | Killed a royal mummy
 46422 | WizLab   | Reached skill level 10 in Stealth
 46470 | WizLab   | Acquired 927 gold pieces
 46583 | Depths:3 | Found Pif Maet's Weapon Shoppe.
 46585 | Depths:3 | Found Huocs's Antique Weapon Shoppe.
 46585 | Depths:3 | Found Norchaod's Assorted Antiques.
 46589 | Depths:3 | Found Hokup's Distillery.
 46606 | Depths:3 | Bought a brightly glowing emerald amulet for 195 gold
                  | pieces
 46606 | Depths:3 | Identified the amulet "Biraime" {RegenMP Int+5} (You bought
                  | it in a shop on level 3 of the Depths)
 46621 | Depths:3 | Found Luytoxt's Antique Armour Emporium.
 46816 | Depths:3 | Reached skill level 11 in Stealth
 47020 | Depths:3 | Reached skill level 12 in Stealth
 47060 | Depths:3 | Reached skill level 16 in Dodging
 47215 | Depths:4 | Entered Level 4 of the Depths
 47242 | Depths:4 | Noticed a juggernaut
 47273 | Depths:4 | Killed a juggernaut
 47308 | Depths:4 | Reached skill level 13 in Stealth
 47396 | Depths:4 | Identified the +0 chain mail "Dajamaho" {rC+ Regen+ Int-2}
 47533 | Depths:4 | Noticed a caustic shrike
 47533 | Depths:4 | Noticed a caustic shrike
 47533 | Depths:4 | Noticed a caustic shrike
 47534 | Depths:4 | Noticed a caustic shrike
 47535 | Depths:4 | Noticed a caustic shrike
 47539 | Depths:4 | Killed a caustic shrike
 47615 | Depths:4 | Identified the +1 trident of Embarrassment {antimagic,
                  | *Rage rElec rCorr Dex+5}
 47674 | Depths:4 | Killed a caustic shrike
 47722 | Depths:4 | Killed a caustic shrike
 47753 | Depths:4 | Found a gate to the Realm of Zot.
 47891 | Depths:4 | Killed a caustic shrike
 47900 | Depths:4 | Killed a caustic shrike
 47918 | Depths:4 | Found Vialy's Book Shoppe.
 47918 | Depths:4 | Found Jauphixt's Jewellery Boutique.
 47919 | Depths:4 | Found Isuozutu's Jewellery Boutique.
 48280 | Crypt:1  | Entered Level 1 of the Crypt
 48316 | Crypt:1  | Paralysed by a vampire knight for 3 turns
 48329 | Crypt:1  | Reached skill level 17 in Dodging
 48666 | Crypt:1  | Reached XP level 25. HP: 250/257 MP: 23/23
 48730 | Crypt:1  | Lost mutation: You have sharp toenails. [Jiyva's grace]
 48730 | Crypt:1  | Lost mutation: You are completely covered in iridescent
                  | scales. (AC +6) [Jiyva's grace]
 48730 | Crypt:1  | Lost mutation: You are mostly covered in iridescent scales.
                  | (AC +4) [Jiyva's grace]
 48730 | Crypt:1  | Lost mutation: Your mind is acute. (Int +4, Str/Dex -1)
                  | [Jiyva's grace]
 48730 | Crypt:1  | Lost mutation: Your gelatinous body deflects attacks. (AC
                  | +3, EV +3) [Jiyva's grace]
 48730 | Crypt:1  | Gained mutation: You are covered in fur. (AC +1) [Jiyva's
                  | grace]
 48730 | Crypt:1  | Gained mutation: You are covered in thick fur. (AC +2)
                  | [Jiyva's grace]
 48730 | Crypt:1  | Gained mutation: Your thick and shaggy fur keeps you warm.
                  | (AC +3, rC+) [Jiyva's grace]
 48730 | Crypt:1  | Gained mutation: You passively map a small area around you.
                  | [Jiyva's grace]
 48746 | Crypt:1  | Found a runed translucent gate.
 48750 | Crypt:1  | Found a runed translucent gate.
 48750 | Crypt:1  | Found an ancient bone altar of Kikubaaqudgha.
 48757 | Crypt:1  | Noticed a dread lich
 48759 | Crypt:1  | Found a runed translucent gate.
 48760 | Crypt:1  | Noticed Weuw's ghost (adept GrFi)
 48761 | Crypt:1  | Noticed an ancient lich
 48772 | Crypt:1  | Paralysed by a dread lich for 5 turns
 48779 | Crypt:1  | Killed a dread lich
 48838 | Crypt:1  | Killed an ancient lich
 48880 | Crypt:1  | Killed Weuw's ghost
 48886 | Crypt:1  | Identified the +7 war axe of Popular Demand {vamp, Dex+2}
 48897 | Crypt:1  | Identified the +2 pair of gloves of the Ageless Orbs {rCorr
                  | Str+6}
 48903 | Crypt:1  | Identified the ring of Greed {Fire Str+2}
 48980 | Crypt:2  | Reached skill level 22 in Armour
 49003 | Crypt:2  | Noticed a curse skull
 49015 | Crypt:2  | Killed a curse skull
 49408 | Crypt:2  | Noticed a curse skull
 49507 | Crypt:2  | Killed a curse skull
 49645 | Crypt:2  | Noticed a curse skull
 49720 | Crypt:2  | Killed a curse skull
 49870 | Crypt:3  | Entered Level 3 of the Crypt
 49960 | Crypt:3  | Reached skill level 18 in Dodging
 49989 | Crypt:3  | Noticed Mennas
 50074 | Crypt:3  | Killed Mennas
 50125 | Crypt:3  | Found a staircase to the Tomb.
 50246 | Crypt:3  | Identified the +5 quarterstaff of the Aged Stars {vamp,
                  | Int+6}
 50528 | Crypt:3  | Lost mutation: You are partially covered in iridescent
                  | scales. (AC +2) [Jiyva's grace]
 50528 | Crypt:3  | Lost mutation: You passively map a small area around you.
                  | [Jiyva's grace]
 50528 | Crypt:3  | Lost mutation: Your pliable body absorbs attacks. (AC +2,
                  | EV +2) [Jiyva's grace]
 50528 | Crypt:3  | Gained mutation: You are somewhat resistant to both further
                  | mutation and mutation removal. [Jiyva's grace]
 50528 | Crypt:3  | Gained mutation: You are almost entirely resistant to
                  | further mutation and mutation removal. [Jiyva's grace]
 50528 | Crypt:3  | Gained mutation: You are partially covered in large bone
                  | plates. (SH +4) [Jiyva's grace]
 50528 | Crypt:3  | Gained mutation: You are mostly covered in large bone
                  | plates. (SH +6) [Jiyva's grace]
 50577 | Crypt:3  | Acquired the +11 executioner's axe of Balance {flame, Drain
                  | Dex+5 SInv}
 50597 | Crypt:3  | Reached skill level 23 in Armour
 50696 | Crypt:3  | Found a runed translucent door.
 50703 | Crypt:3  | Noticed Rakupo Megg's ghost (veteran GrEE)
 50703 | Crypt:3  | Found the +16 obsidian axe {drain, demonic, Mesm Drain Fly
                  | SInv}
 50721 | Crypt:3  | Killed Rakupo Megg's ghost
 50757 | Crypt:3  | Identified the +7 quarterstaff "Buruo" {heavy, rPois Will+
                  | Dex+3}
 51053 | Crypt:3  | Got the Book of Sciomancy
 51113 | Crypt:3  | Paralysed by a vampire knight for 3 turns
 51720 | Zot:1    | Entered Level 1 of the Realm of Zot
 51743 | Zot:1    | Noticed an orb of fire
 51781 | Zot:1    | Reached XP level 26. HP: 235/266 MP: 23/23
 51782 | Zot:1    | Killed an orb of fire
 51783 | Zot:1    | Reached skill level 19 in Dodging
 51856 | Zot:1    | Noticed an orb of fire
 51885 | Zot:1    | Killed an orb of fire
 51918 | Zot:1    | Noticed an electric golem
 51925 | Zot:1    | Killed an electric golem
 52076 | Zot:1    | Reached skill level 24 in Armour
 52157 | Zot:1    | Noticed an electric golem
 52175 | Zot:1    | Killed an electric golem
 52392 | Zot:2    | Noticed a Killer Klown
 52410 | Zot:2    | Noticed an electric golem
 52459 | Zot:1    | Killed a Killer Klown
 52683 | Zot:2    | Killed an electric golem
 52733 | Zot:2    | Noticed a Killer Klown
 52749 | Zot:2    | Killed a Killer Klown
 52910 | Zot:2    | Found a transporter.
 52910 | Zot:2    | Found a transporter.
 52912 | Zot:2    | Found a transporter.
 52953 | Zot:2    | Found a transporter.
 53043 | Zot:2    | Noticed a Killer Klown
 53067 | Zot:2    | Killed a Killer Klown
 53511 | Zot:3    | Reached skill level 20 in Dodging
 53524 | Zot:3    | Reached skill level 25 in Armour
 53564 | Zot:3    | Lost mutation: You are almost entirely resistant to further
                  | mutation and mutation removal. [Jiyva's grace]
 53564 | Zot:3    | Lost mutation: Your thick and shaggy fur keeps you warm.
                  | (AC +3, rC+) [Jiyva's grace]
 53564 | Zot:3    | Lost mutation: You are covered in thick fur. (AC +2)
                  | [Jiyva's grace]
 53564 | Zot:3    | Lost mutation: Your rubbery body absorbs attacks. (AC +1,
                  | EV +1) [Jiyva's grace]
 53564 | Zot:3    | Gained mutation: You have a small jelly attached to you
                  | that may absorb projectiles. [Jiyva's grace]
 53564 | Zot:3    | Gained mutation: You passively map a small area around you.
                  | [Jiyva's grace]
 53564 | Zot:3    | Gained mutation: You passively map the area around you.
                  | [Jiyva's grace]
 53564 | Zot:3    | Gained mutation: You passively map a large area around you.
                  | [Jiyva's grace]
 53649 | Zot:3    | Noticed a Killer Klown
 53665 | Zot:3    | Killed a Killer Klown
 53732 | Zot:3    | Reached XP level 27. HP: 269/273 MP: 23/23
 53758 | Zot:3    | Identified the +5 chain mail "Ony Jiumn" {-Tele Regen+
                  | Str-2 Int+7 Stlth+}
 54308 | Zot:4    | Identified a +0 crystal plate armour
 54956 | Zot:4    | Upgraded the game from 0.31-a0-716-gc7603755dd to
                  | 0.31-a0-728-g01b46875f1
 54989 | Zot:5    | Entered Level 5 of the Realm of Zot
 55070 | Zot:5    | Reached skill level 26 in Armour
 55456 | Zot:5    | Reached skill level 21 in Dodging
 55486 | Zot:5    | Noticed a dread lich
 55496 | Zot:5    | Killed a dread lich
 55661 | Zot:5    | Noticed an ancient lich
 55663 | Zot:5    | Noticed a dread lich
 55694 | Zot:5    | Killed a dread lich
 55714 | Zot:5    | Noticed an ancient lich
 55754 | Zot:5    | Killed an ancient lich
 55808 | Zot:5    | Killed an ancient lich
 55824 | Zot:5    | Noticed an orb of fire
 55828 | Zot:5    | Noticed an ancient lich
 55831 | Zot:5    | Killed an orb of fire
 55836 | Zot:5    | Noticed an ancient lich
 56128 | Zot:5    | Noticed an electric golem
 56179 | Zot:5    | Killed an electric golem
 56192 | Zot:5    | Noticed a dread lich
 56203 | Zot:5    | Killed a dread lich
 56210 | Zot:5    | Killed an ancient lich
 56213 | Zot:5    | Noticed a dread lich
 56226 | Zot:5    | Paralysed by a dread lich for 4 turns
 56228 | Zot:5    | Killed an ancient lich
 56232 | Zot:5    | Killed a dread lich
 56273 | Zot:5    | Lost mutation: You are somewhat resistant to both further
                  | mutation and mutation removal. [Jiyva's grace]
 56273 | Zot:5    | Lost mutation: You regenerate. [Jiyva's grace]
 56273 | Zot:5    | Lost mutation: You heal very quickly. [Jiyva's grace]
 56273 | Zot:5    | Gained mutation: Your spells are a little harder to cast,
                  | but a little more powerful. [Jiyva's grace]
 56273 | Zot:5    | Gained mutation: Your spells are harder to cast, but more
                  | powerful. [Jiyva's grace]
 56273 | Zot:5    | Gained mutation: Your spells are much harder to cast, but
                  | much more powerful. [Jiyva's grace]
 56273 | Zot:5    | Gained mutation: You are covered in thick fur. (AC +2)
                  | [Jiyva's grace]
 56287 | Zot:5    | Reached skill level 27 in Armour
 56387 | Zot:5    | Got the Orb of Zot
 56418 | Zot:5    | Reached skill level 22 in Dodging
 56432 | Zot:5    | Noticed an ancient lich
 56442 | Zot:5    | Killed an ancient lich
 56493 | Zot:2    | Noticed Ongur the pandemonium lord
 57080 | D:$      | Escaped with the Orb!

Vanquished Creatures
  7 dread liches
  5 ancient liches
  3 orbs of fire
  Mennas (Crypt:3)
  A juggernaut (Depths:4)
  A royal mummy (WizLab)
  Bai Suzhen (Swamp:3)
  Margery (Vaults:4)
  Frederick (Vaults:4)
  5 Killer Klowns
  Saint Roka (Vaults:1)
  5 caustic shrikes (Depths:4)
  Jory (Vaults:5)
  13 golden dragons
  The ghost of Rakupo Megg the Devastator, a veteran GrEE of Lugonu (Crypt:3)
  the Enchantress (Depths:3)
  Norris (Vaults:1)
  Arachne (Spider:2)
  A bone dragon (Depths:4)
  The ghost of Weuw the Warrior, an adept GrFi of Cheibriados (Crypt:1)
  4 electric golems
  A Tzitzimitl (Depths:3)
  3 doom hounds (Depths:2)
  Mlioglotl (Swamp:3)
  7 liches
  25 Orb Guardians
  2 deep elf blademasters (Elf:3)
  Jorgrun (Swamp:3)
  Grunn (Depths:3)
  A walking divine tome (Depths:4)
  13 tentacled monstrosities
  2 deep elf master archers (Elf:3)
  4 sphinxes
  8 quicksilver dragons
  7 titans
  A tentacled starspawn (Abyss:2)
  8 death cobs
  Frances (Spider:1)
  4 ancient champions
  Kirke (Swamp:1)
  Aizul (Vaults:2)
  10 storm dragons
  A thorn hunter (Swamp:4)
  11 tengu reavers
  8 shadow dragons
  7 draconian monks
  2 revenants
  7 frost giants
  8 draconian knights
  A balrug (D:1)
  3 deep elf sorcerers (Elf:3)
  14 fire giants
  2 iron dragons
  10 draconian scorchers
  3 emperor scorpions
  9 vault wardens
  2 draconian shifters
  Louise (Spider:2)
  2 juggernaut zombies
  6 deep elf elementalists (Elf:3)
  10 draconian stormcallers
  3 curse skulls (Crypt:2)
  6 ghost moths
  3 spriggan defenders
  2 broodmothers
  23 ironbound preservers
  3 ghouls (Crypt:2)
  2 war gargoyles
  10 very ugly things
  3 reapers
  9 draconian annihilators
  11 stone giants
  6 green draconians
  5 ironbound thunderhulks
  17 vampire knights
  8 eleionomae
  A juggernaut skeleton (Crypt:3)
  7 deep elf annihilators
  6 deep elf demonologists
  A minotaur (Lair:2)
  9 white draconians
  14 yellow draconians
  8 dire elephants
  21 black draconians
  9 bunyips
  9 purple draconians
  19 red draconians
  A putrid mouth (Depths:2)
  8 deep elf death magi
  6 eidola
  4 spark wasps
  5 fire dragons
  11 ettins
  13 jiangshi
  6 deep elf high priests
  3 entropy weavers (Spider:1)
  5 rakshasas
  18 yaktaur captains
  34 vault guards
  12 ice dragons
  A catoblepas (Lair:5)
  2 caustic shrike simulacra
  7 ogre magi
  14 hydras
  An alligator (Swamp:3)
  2 ghost crabs
  A jorogumo (Spider:3)
  A sphinx zombie (WizLab)
  2 radroaches (Spider:1)
  5 spriggan air magi
  9 centaur warriors
  8 ironbound frosthearts
  2 boulder beetles
  2 spriggan skeletons (Depths:1)
  25 two-headed ogres
  2 death knights
  20 dancing weapons
  6 hell hogs
  8 vampire magi
  6 death scarabs (Spider:4)
  A bennu skeleton (Crypt:2)
  A quicksilver ooze zombie (Crypt:3)
  6 death yaks
  11 demonic crawlers
  7 spriggan berserkers
  10 deep troll shamans
  8 deep troll earth magi
  14 spriggans
  A titan zombie (Crypt:2)
  21 hell knights
  A storm dragon zombie (Crypt:3)
  15 deep elf knights
  A soul eater (Crypt:3)
  8 pharaoh ants
  A salamander mystic (Depths:3)
  4 sun demons (D:1)
  33 skeletal warriors
  2 skysharks (Vaults:1)
  3 sixfirhies
  A shadow wraith (Crypt:3)
  64 deep trolls
  5 golden dragon zombies (Crypt:3)
  6 flayed ghosts
  A sun moth (Spider:4)
  3 goliath frogs
  A wretched star (Abyss:2)
  4 iron trolls
  2 spriggan druids
  11 swamp dragons
  4 bog bodies
  10 orb spiders
  7 wizards
  10 steelbarb worms
  4 orc knights
  6 lindwurms
  A swamp dragon (shapeshifter) (D:8)
  2 spectral wolf spiders (Spider:4)
  5 deep elf archers
  A wolf spider zombie (Spider:4)
  An orange crystal statue (Vaults:3)
  25 deep elf pyromancers
  16 phantasmal warriors
  14 necromancers
  14 ironbound convokers
  3 cyclopes
  15 deep elf zephyrmancers
  A broodmother zombie (Spider:4)
  A tengu skeleton (Depths:1)
  A harpy (Vaults:1)
  An iron dragon zombie (Crypt:3)
  2 fire giant zombies (WizLab)
  A large abomination (Abyss:2)
  6 oklob plants (Lair:4)
  2 orc sorcerers
  2 stone giant zombies (WizLab)
  2 frost giant zombies
  14 wolf spiders
  A manticore (D:15)
  22 ugly things
  3 will-o-the-wisps
  A jorogumo skeleton (Crypt:2)
  2 centaur zombies
  A spectral centaur (D:12)
  2 salamanders (Depths:3)
  A stone giant skeleton (Crypt:3)
  18 elephants
  A smoke demon (Abyss:2)
  26 moths of wrath
  2 black mambas
  A frost giant skeleton (Vaults:5)
  3 rust devils (Depths:2)
  2 demonspawn zombies (WizLab)
  2 molten gargoyles (Lair:5)
  2 gargoyles
  14 starcursed masses (Abyss:2)
  A torpor snail (shapeshifter) (Vaults:1)
  An eleionoma skeleton (Crypt:1)
  12 cane toads
  4 torpor snails
  7 spriggan zombies
  A kobold demonologist (D:10)
  A steelbarb worm zombie (Crypt:3)
  A hellion (Depths:2)
  13 vault sentinels
  3 rime drakes
  A purple draconian zombie (Crypt:3)
  A red draconian zombie (Crypt:1)
  4 freezing wraiths
  29 yaktaurs
  2 spectral redbacks (Spider:4)
  16 komodo dragons
  3 redback zombies (Spider:4)
  A hydra zombie (Crypt:2)
  A death yak skeleton (Crypt:1)
  A tengu conjurer (Depths:1)
  A yaktaur (shapeshifter) (Vaults:5)
  A red draconian skeleton (Crypt:1)
  A tormentor (Depths:2)
  A troll (shapeshifter) (Elf:3)
  A red devil (Depths:2)
  6 meliai
  2 hellwings (Depths:2)
  16 trolls
  2 ancient zymes (Abyss:2)
  4 jumping spider zombies
  A death drake zombie (Crypt:2)
  30 tarantellas
  15 tyrant leeches
  15 hornets
  A spectral culicivora (Spider:4)
  2 polar bears
  Prince Ribbit (D:8)
  4 spectral tarantellas (Spider:4)
  A tengu simulacrum (Vaults:4)
  A wind drake (D:11)
  2 death drake skeletons (Crypt:1)
  2 spectral jumping spiders (Spider:4)
  4 blink frogs
  2 elf zombies
  A radroach zombie (Crypt:3)
  A culicivora zombie (Spider:4)
  3 ettin zombies
  10 dream sheep
  A fire dragon zombie (Crypt:2)
  2 ice dragon zombies (WizLab)
  20 jumping spiders
  3 slime creatures (D:12)
  2 centaur simulacra (D:15)
  9 flying skulls
  5 water elementals
  A black mamba zombie (Crypt:3)
  A ynoxinul (Depths:2)
  An ettin skeleton (Crypt:3)
  A naga simulacrum (Crypt:3)
  5 wraiths
  3 wyverns
  21 culicivoras
  2 fire elementals
  4 fire bats (Abyss:2)
  A shadow (D:9)
  21 vampires (Crypt:3)
  34 yaks
  A human (shapeshifter) (D:14)
  5 hogs (Swamp:1)
  3 steam dragons
  36 redbacks
  13 vampire mosquitoes (D:12)
  A basilisk (shapeshifter) (Vaults:3)
  9 basilisks
  A chaos spawn (Depths:2)
  A neqoxec (D:13)
  A naga zombie (Crypt:3)
  6 wargs
  16 swamp worms
  4 glowing shapeshifter zombies
  2 acid dragons
  A naga (Abyss:2)
  A floating eye (shapeshifter) (Abyss:2)
  22 orc warriors
  15 water moccasins
  10 hell hounds
  A floating eye (Lair:1)
  2 ice beasts
  A water nymph skeleton (Crypt:3)
  10 swamp drakes
  9 black bears
  3 ettin simulacra (Depths:2)
  24 ogres
  41 wolves
  3 centaurs
  2 kobold brigands (D:8)
  A human zombie (Vaults:4)
  2 earth elementals (Elf:3)
  18 bullfrogs
  A small abomination (Abyss:2)
  2 necrophages (Crypt:2)
  7 scorpions
  A glowing shapeshifter simulacrum (Depths:1)
  5 wights (D:10)
  An electric eel (Elf:3)
  3 howler monkeys
  5 lava snakes (Lair:5)
  A human simulacrum (Vaults:5)
  7 jellies
  2 gnoll boudas
  5 hounds
  13 orc priests
  A black bear skeleton (Crypt:1)
  4 iguanas
  3 sleepcaps
  11 orc wizards
  A boggart skeleton (D:15)
  A sky beast zombie (Crypt:2)
  An ice beast zombie (Crypt:1)
  A mummy (D:4)
  A howler monkey skeleton (Crypt:3)
  7 gnolls (D:5)
  6 adders
  A swamp drake zombie (Crypt:3)
  A shadow imp (D:8)
  9 worms
  3 dart slugs
  78 orcs
  11 endoplasms
  14 giant cockroaches
  8 goblins
  9 hobgoblins
  9 jackals
  17 kobolds
  6 quokkas
  5 ball pythons
  A ball python skeleton (Crypt:2)
  7 bats
  6 frilled lizards
  A gnoll skeleton (Crypt:3)
  5 rats
  A lurking horror (Abyss:2)
2169 creatures vanquished.

Vanquished Creatures (collateral kills)
  An ancient lich (Vaults:5)
  the Lernaean hydra (Swamp:4)
  Nikola (Spider:1)
  A Tzitzimitl (Depths:2)
  A vault warden (Vaults:5)
  An ironbound thunderhulk (Vaults:3)
  An ironbound preserver (Vaults:5)
  A green death (Abyss:2)
  A yaktaur captain (Vaults:3)
  A skyshark (Lair:2)
  A bunyip zombie (Crypt:2)
  A swamp dragon (Swamp:4)
  An ironbound convoker (Vaults:1)
  2 elephants
  A tormentor (Depths:2)
  5 dream sheep (Lair:5)
  A water elemental (Depths:3)
  A swamp worm (Swamp:4)
  A hell hound (Lair:5)
  2 centaurs (D:11)
  A hound (D:5)
  An adder (D:5)
  An orc (D:9)
  A kobold (D:8)
30 creatures vanquished.

Vanquished Creatures (others)
  An ancient lich (Zot:5)
  Asterion (Spider:1)
  2 formless jellyfish
  2 storm dragons
  A fire giant (Depths:1)
  A deep elf sorcerer (Vaults:3)
  A vault warden (Vaults:4)
  2 draconian knights (Zot:2)
  A vampire knight (Crypt:3)
  A fire dragon (Depths:4)
  4 great orbs of eyes
  A yaktaur captain (Vaults:3)
  A hydra (Swamp:4)
  An ironbound frostheart (Vaults:2)
  An ogre mage (Vaults:3)
  A two-headed ogre (D:12)
  A two-headed ogre (shapeshifter) (Vaults:5)
  A deep elf knight (Elf:3)
  3 glowing orange brains
  3 ironbound convokers
  A death drake (shapeshifter) (Depths:4)
  2 lindwurms (Vaults:1)
  A spriggan druid (Swamp:1)
  A wizard (Vaults:2)
  A deep elf zephyrmancer (Elf:3)
  A guardian serpent (Lair:4)
  An elephant (Lair:4)
  2 vault sentinels
  5 yaktaurs
  A blink frog (Lair:3)
  12 slime creatures
  A culicivora (Spider:1)
  A redback (Spider:2)
  An orc warrior (Orc:1)
  An ogre (shapeshifter) (Abyss:2)
  An ogre (Orc:2)
  2 howler monkeys (D:12)
  213 jellies
  An orc priest (Orc:1)
  2 orc wizards
  A river rat (Spider:1)
  A worm (D:15)
  3 orcs
  4 endoplasms (D:15)
  6 foxfires (Swamp:4)
296 creatures vanquished.

Grand Total: 2495 creatures vanquished

Table legend: (Time is in decaauts)
 A = Elapsed time spent in this place.
 B = Non-inter-level travel time spent in this place.
 C = Inter-level travel time spent in this place.
 D = Time resting spent in this place.
 E = Time spent auto-exploring this place.
 F = Levels seen in this place.
 G = Mean time per level.
                   A        B        C        D        E       F      G
               +--------+--------+--------+--------+--------+-----+--------+
         Total |  55178 |  49487 |   5691 |   4471 |  32064 |  57 |  968.0 |
       Dungeon |  15661 |  13228 |   2433 |    606 |  10351 |  15 | 1044.1 |
          Lair |   9868 |   8904 |    964 |   1908 |   5387 |   5 | 1973.6 |
         Swamp |   2430 |   2253 |    177 |    242 |   1458 |   4 |  607.5 |
   Spider Nest |   4165 |   3897 |    268 |    349 |   2404 |   4 | 1041.2 |
    Slime Pits |    502 |    423 |     79 |      0 |    371 |   5 |  100.4 |
  Orcish Mines |   1068 |    985 |     83 |     16 |    685 |   2 |  534.0 |
   Elven Halls |   2641 |   2506 |    135 |    136 |   1692 |   3 |  880.3 |
        Vaults |   7125 |   6273 |    852 |    342 |   4158 |   5 | 1425.0 |
         Crypt |   2957 |   2802 |    155 |     87 |   1593 |   3 |  985.7 |
        Depths |   3661 |   3299 |    362 |    104 |   2051 |   4 |  915.2 |
           Zot |   4511 |   4331 |    180 |    524 |   1808 |   5 |  902.2 |
         Abyss |    236 |    236 |      0 |     88 |     16 |   1 |  236.0 |
        Wizlab |    347 |    347 |      0 |     66 |     87 |   1 |  347.0 |
               +--------+--------+--------+--------+--------+-----+--------+

Top non-repeatable levels by time:
  Lair:3: 2254 daAuts
  Lair:2: 2169 daAuts
  Lair:5: 2114 daAuts
    D:11: 1888 daAuts
  Lair:4: 1871 daAuts
Vaults:1: 1654 daAuts
Vaults:2: 1593 daAuts
Vaults:5: 1469 daAuts
Spider:4: 1461 daAuts
  Lair:1: 1458 daAuts
   Elf:3: 1452 daAuts
    D:13: 1363 daAuts
   Zot:5: 1359 daAuts
Vaults:4: 1345 daAuts
 Crypt:3: 1345 daAuts

Table legend:
 A = Non-vault XP
 B = Vault XP
 C = Vault XP percentage of total XP
 D = Non-vault monster count
 E = Vault monster count
 F = Vault count percentage of total count
                 A         B        C        D         E       F
            +---------+---------+-------+---------+---------+-------
      Total |  756256 |  663770 |  46.7 |    1340 |     855 |  39.0
            +---------+---------+-------+---------+---------+-------
        D:1 |      50 |       4 |   7.4 |      28 |       3 |   9.7
        D:2 |      30 |       0 |   0.0 |      17 |       0 |   0.0
        D:3 |     124 |       0 |   0.0 |      26 |       0 |   0.0
        D:4 |     199 |      60 |  23.2 |      13 |       5 |  27.8
        D:5 |     803 |     215 |  21.1 |      19 |       2 |   9.5
        D:6 |     413 |       0 |   0.0 |       7 |       0 |   0.0
        D:7 |     398 |       0 |   0.0 |       9 |       0 |   0.0
        D:8 |    1753 |     380 |  17.8 |      24 |       7 |  22.6
        D:9 |    2657 |     703 |  20.9 |      14 |      32 |  69.6
       D:10 |    3825 |    1051 |  21.6 |      18 |       9 |  33.3
       D:11 |    3253 |       0 |   0.0 |      14 |       0 |   0.0
       D:12 |    5525 |    2891 |  34.4 |      17 |      12 |  41.4
       D:13 |    3641 |       0 |   0.0 |       9 |       0 |   0.0
       D:14 |    3571 |    4513 |  55.8 |       6 |       6 |  50.0
       D:15 |   12531 |    8029 |  39.1 |      23 |      44 |  65.7
     Lair:1 |    9433 |     141 |   1.5 |      39 |       1 |   2.5
     Lair:2 |    6859 |    4644 |  40.4 |      22 |      13 |  37.1
     Lair:3 |    8356 |    2718 |  24.5 |      34 |      10 |  22.7
     Lair:4 |    6847 |    7277 |  51.5 |      22 |      26 |  54.2
     Lair:5 |   11344 |    6023 |  34.7 |      35 |      30 |  46.2
    Swamp:1 |   10416 |    2423 |  18.9 |      23 |       6 |  20.7
    Swamp:2 |    7147 |    4461 |  38.4 |      17 |       5 |  22.7
    Swamp:3 |   12077 |    6970 |  36.6 |      17 |       3 |  15.0
    Swamp:4 |    8232 |   16417 |  66.6 |      16 |      25 |  61.0
   Spider:1 |   33175 |    5260 |  13.7 |      82 |       3 |   3.5
   Spider:2 |    6018 |    3455 |  36.5 |      17 |       2 |  10.5
   Spider:3 |   13838 |       0 |   0.0 |      28 |       0 |   0.0
   Spider:4 |    9123 |   28047 |  75.5 |      24 |      58 |  70.7
      Orc:1 |    5356 |       0 |   0.0 |      38 |       0 |   0.0
      Orc:2 |    1885 |   14493 |  88.5 |      20 |      36 |  64.3
      Elf:1 |    9458 |   13551 |  58.9 |      14 |      20 |  58.8
      Elf:2 |    1576 |    1649 |  51.1 |       4 |       2 |  33.3
      Elf:3 |   20088 |   36729 |  64.6 |      33 |      35 |  51.5
   Vaults:1 |   16499 |   44677 |  73.0 |      26 |      59 |  69.4
   Vaults:2 |   25136 |   13863 |  35.5 |      32 |      20 |  38.5
   Vaults:3 |   20501 |   19700 |  49.0 |      28 |      25 |  47.2
   Vaults:4 |   15457 |   36361 |  70.2 |      22 |      33 |  60.0
   Vaults:5 |   29530 |  104483 |  78.0 |      45 |      91 |  66.9
    Crypt:1 |   20901 |   15374 |  42.4 |      33 |       5 |  13.2
    Crypt:2 |   32835 |       0 |   0.0 |      49 |       0 |   0.0
    Crypt:3 |   28773 |   44388 |  60.7 |      40 |      65 |  61.9
   Depths:1 |   31154 |       0 |   0.0 |      39 |       0 |   0.0
   Depths:2 |   25943 |   18404 |  41.5 |      26 |      26 |  50.0
   Depths:3 |   21811 |   37262 |  63.1 |      30 |      36 |  54.5
   Depths:4 |   51534 |   17721 |  25.6 |      47 |      15 |  24.2
      Zot:1 |   67355 |       0 |   0.0 |      49 |       0 |   0.0
      Zot:2 |   18071 |   21909 |  54.8 |      18 |      16 |  47.1
      Zot:3 |   68133 |    1599 |   2.3 |      51 |       2 |   3.8
      Zot:4 |   19813 |   11040 |  35.8 |      20 |      10 |  33.3
      Zot:5 |   34930 |   88286 |  71.7 |      30 |      33 |  52.4
    Abyss:2 |    7879 |    5564 |  41.4 |      26 |       5 |  16.1
     WizLab |       0 |   11035 | 100.0 |       0 |      19 | 100.0
            +---------+---------+-------+---------+---------+-------
